Workbook
Name _ftn1: 'Assessment Framework'!#REF!
Name _ftnref1: 'Assessment Framework'!#REF!

Sheet Assessment Framework
A1: Cambridge Connections Strategic Transport Plan
A2: Assessment framework
E4: Long list or transport ideas assessment | G4: Transport options assessment
A5: Category | B5: Criteria | C5: Measure of success | E5: Who | F5: How | G5: Who | H5: Measure | I5: How
A6: Investment Objectives | B6: To provide reliable freight and transport routes: - Aligning land use and transport planning to enable growth adjacent to strategic transport corridors - Managing congestion to keep people and freight moving efficiently - Enabling planned economic growth and employment - Supporting planned population growth | C6: Enabling 30 year growth strategy | E6: Project team | F6: Qualitative | G6: Project team | H6: Travel times on key routes | I6: Change in travel times on key routes (TBC) Info source: WRTM
B7: To make it easy to access key economic and social destinations by all transport modes (cars, buses, walking, cycling etc) | C7: Improved access to key destinations | E7: Project team | F7: Qualitative | G7: Project team | H7: Combined access measure to key services, education and employment locations | I7: Change in 'Combined Access Measure' Info source: WRTM + GIS Combined access index
B8: To improve the resilience of the transport system by: - Reducing the risk of network failures, including consideration of climate adaptation - Faster recovery from unplanned events - Reducing dependency on existing corridors and bridges | C8: Reduced vulnerability to weather and crash events | E8: Project team | F8: Qualitative | G8: Project team | H8: Availability of key routes | I8: Change in Average Annual Time of Closure (AATOC) on key routes due to unplanned events, e.g. slips, flooding, crashes Info sources: CRM, SME assessment of risk and duration of closures
B9: To provide a safe transport system by: - Reducing deaths and serious injuries - Improving community safety for public transport users, pedestrians and cyclists | C9: Reduction in deaths and serious injuries | E9: Project team | F9: Qualitative | G9: Project team | H9: Deaths and Serious Injuries (DSIs) | I9: Change in DSIs Info sources: WRTM + Crash Analysis system + MBCM
B10: To reduce the transport system’s impacts on surrounding communities and the environment by: - Supporting a more vibrant social town centre*(Ahu Ake p.98). - Manage parking - Reducing impacts of the transport network (noise, severance, air and water pollutants and vehicle kilometres travelled) - Protecting our natural and cultural taonga | C10: Alignment to the vision for the town centre as outlined in Ahu Ake Page 98 (Town Centre Concept Plan Refresh), and Transport Stategy | E10: Project team | F10: Qualitative | G10: Project team | H10: Qualitative | I10: The extent to which the option fulfills the desired outcomes and strategies for the town centre
C11: Reduction in Vehicle Kilometres Travelled (VKT) | E11: Project team | F11: Qualitative | G11: Project team | H11: Vehicle Kilometres Travelled (VKT) | I11: Change in VKT travelled (and emissions by proxy) Info source: WRTM
C12: Impacts on parking demand | E12: Project team | F12: Qualitative | G12: Project team | H12: Parking demand | I12: Change in parking demand Info source: Parking data
C13: Impacts on public parking supply | E13: Project team | F13: Qualitative | G13: Project team | H13: Public parking supply | I13: Change in parking availability Info source: Parking data
A14: Supporting growth and urban development | B14: Timing and sequencing reflect priorities | G14: Project team | H14: Qualitative | I14: The extent to which the option timing and sequencing reflects priorities
A15: Cost and value for money | B15: Capital cost | E15: Project team | F15: Qualitative | G15: Project team | H15: Capital cost | I15: Rough order capital cost estimate Info source: Unit rates and reference projects
B16: Maintenance and operating costs | G16: Project team | H16: Maintenance and operating cost | I16: Rough order maintenance and operating cost estimate Info source: Unit rates and reference projects
B17: Funding availability | G17: Project team | H17: Qualitative | I17: The extent to which funding is available
B18: Value for money | G18: Project team | H18: Benefit / Cost Ratio | I18: Benefit / Cost Ratio Info source: WRTM + MBCM
B19: Flexibility and adaptability to change Funding, programme and adaptability of the programme to change over time | E19: Project team | F19: Qualitative | G19: Project team | H19: Qualitative | I19: The extent to which the option is flexible and adaptable to change
A20: Feasibility | B20: Technical What are the technical practical considerations that may prevent an option from achieving the investment objectives? E.g. local site geography or eisting contracts? what are the technical risks involved in developing or implementing this option? | E20: Project team | F20: Qualitative | G20: Project team | H20: Qualitative | I20: The difficulty of implementing the option
B21: Consenting What is the level of complexity/difficulty? Are their risks of this adversely impacting on projects timeframes or other aspects of delivery? | E21: Wendy Robinson | F21: Qualitative | G21: Wendy Robinson | H21: Qualitative | I21: The extent to how difficult it would be to consent the option
B22: Safety Are there significant health and/or safety risks associated with the option in its design, implementation, operation or maintenance? Does this option comply with the safe system appproach? Can the risks be addressed in the design process to control it? | E22: Project team | F22: Qualitative | G22: Project team | H22: Qualitative | I22: The extent to which safety is affected by the option
A23: Impacts | B23: Social and cultural impacts | E23: TBC | F23: Qualitative | G23: TBC | H23: Qualitative | I23: The extent to which social and cultural considerations are affected by the option
B24: Environmental sustainability | E24: TBC | F24: Qualitative | G24: TBC | H24: Qualitative | I24: The extent to which environmental sustainability is affected by the option

Sheet Ideas that are progressing
A1: Cambridge Connections Strategic Transport Plan
A2: Long List Multi-Criteria Assessment
T4: 0>-3 | AF4: 0>-3 | AH4: 0>-3 | AJ4: 0>-3 | BC4: *Park = not progressed in this project unless circumstances change
A5: Ideas that are parked | G5: Investment objectives | R5: Supporting growth and urban development | T5: Cost and value for money | AF5: Feasibility | AM5: Impacts | AS5: Short List Options | AV5: Summary of scores | BC5: Decision
A6: Strategic Approach | B6: Themes | C6: Options | D6: Description | E6: Total Scores | G6: To provide reliable freight and transport routes | I6: To make it easy to access key economic and social destinations | K6: To improve the resilience of the transport system | M6: To provide a safe transport system | O6: To reduce the transport system’s impacts on surrounding communities and the environment | R6: Timing and sequencing reflect priorities | T6: Capital cost | V6: Maintenance and operating costs | X6: Funding availability | Z6: Effectiveness | AB6: Flexibility and adaptability to change | AF6: Technical | AH6: Consenting | AJ6: Safety | AM6: Social and cultural impacts | AO6: Environmental sustainability | AR6: Do Minimum | AV6: =G5 -> Investment objectives | AW6: =R5 -> Supporting growth and urban development | AX6: =T5 -> Cost and value for money | AY6: =AF5 -> Feasibility | AZ6: =AM5 -> Impacts | BA6: Total | BC6: Decision | BD6: Rationale
A7: INTEGRATED PLANNING | B7: Environment | C7: Climate resilient infrastructure design | D7: Assess vulnerabilities and incorporate resilience into all change projects. | E7: =BA7 -> 3 | G7: No change | H7: 0 | I7: No change | J7: 0 | K7: Makes an improvement to resilience just where new infrastructure is created/ upgraded | L7: 1 | M7: No change | N7: 0 | O7: Likely to reduce damage and future cost | P7: 1 | T7: $1-$5m | U7: =IF(T7=0,,(IF(T7='Scaling system'!$F$3,0,(IF(T7='Scaling system'!$F$4,-1,IF(T7='Scaling system'!$F$5,-2,IF(T7='Scaling system'!$F$6,-3))))))) -> -1 | AB7: Not a deciding factor | AC7: 0 | AF7: Expected approach | AG7: 0 | AH7: Expected approach | AI7: 0 | AJ7: Expected approach | AK7: 0 | AM7: Expected approach | AN7: 0 | AO7: Expected approach | AP7: 2 | AV7: =H7+J7+L7+N7+P7 -> 2 | AW7: =S7 -> 0 | AX7: =U7+AC7+W7+Y7+AA7 -> -1 | AY7: =AG7+AI7+AK7 -> 0 | AZ7: =AN7+AP7 -> 2 | BA7: =SUM(AV7:AZ7) -> 3 | BC7: Progress | BD7: This is an expected requirement for any new infrastructure.
C8: Cultural & Environmental Assessments - third bridge | D8: Incorporate cultural and environmental assessments as part of bridge location optioneering. | E8: =BA8 -> 8 | G8: Assists achievement | H8: 1 | I8: Assists achievement | J8: 1 | K8: Assists achievement | L8: 1 | M8: Assists achievement | N8: 1 | O8: Assists achievement | P8: 1 | T8: < $1m | U8: =IF(T8=0,,(IF(T8='Scaling system'!$F$3,0,(IF(T8='Scaling system'!$F$4,-1,IF(T8='Scaling system'!$F$5,-2,IF(T8='Scaling system'!$F$6,-3))))))) -> 0 | AB8: Assists achievement | AC8: 1 | AF8: Expected approach | AG8: 0 | AH8: Expected approach | AI8: 0 | AJ8: Expected approach | AK8: 0 | AM8: Expect improved outcomes | AN8: 1 | AO8: Expect improved outcomes | AP8: 1 | AV8: =H8+J8+L8+N8+P8 -> 5 | AW8: =S8 -> 0 | AX8: =U8+AC8+W8+Y8+AA8 -> 1 | AY8: =AG8+AI8+AK8 -> 0 | AZ8: =AN8+AP8 -> 2 | BA8: =SUM(AV8:AZ8) -> 8 | BC8: Progress | BD8: This is an expected requirement for any new infrastructure.
C9: Reduce emissions | D9: This appears to be an outcome sought rather than an idea. Note that ideas will be assessed against the investment objective of "[reducing] the transport system's impacts on surrounding communities and the environment". | E9: =BA9 -> 0 | U9: =IF(T9=0,,(IF(T9='Scaling system'!$F$3,0,(IF(T9='Scaling system'!$F$4,-1,IF(T9='Scaling system'!$F$5,-2,IF(T9='Scaling system'!$F$6,-3))))))) -> 0 | AV9: =H9+J9+L9+N9+P9 -> 0 | AW9: =S9 -> 0 | AX9: =U9+AC9+W9+Y9+AA9 -> 0 | AY9: =AG9+AI9+AK9 -> 0 | AZ9: =AN9+AP9 -> 0 | BA9: =SUM(AV9:AZ9) -> 0 | BC9: Park | BD9: Consideration - Emissions reduction would be considered as part of assessing contribution to the Investment Objective of "[reducing] the transport system's impacts on surrounding communities and the environment".
C10: Cultural design, identity and wayfinding | D10: Incorporate cultural design and wayfinding in built infrastructure. | E10: =BA10 -> 5 | G10: No change | H10: 0 | I10: Wayfinding supports easy access | J10: 1 | K10: No change | L10: 0 | M10: No change | N10: 0 | O10: Supports Ahu Ake goals, creates taonga | P10: 2 | T10: $1-$5m | U10: =IF(T10=0,,(IF(T10='Scaling system'!$F$3,0,(IF(T10='Scaling system'!$F$4,-1,IF(T10='Scaling system'!$F$5,-2,IF(T10='Scaling system'!$F$6,-3))))))) -> -1 | AB10: Assists achievement | AC10: 1 | AF10: Expected approach | AG10: 0 | AH10: Expected approach | AI10: 0 | AJ10: Expected approach | AK10: 0 | AM10: Positive impacts | AN10: 2 | AO10: Expected approach | AP10: 0 | AV10: =H10+J10+L10+N10+P10 -> 3 | AW10: =S10 -> 0 | AX10: =U10+AC10+W10+Y10+AA10 -> 0 | AY10: =AG10+AI10+AK10 -> 0 | AZ10: =AN10+AP10 -> 2 | BA10: =SUM(AV10:AZ10) -> 5 | BC10: Progress | BD10: This is an expected requirement for any new infrastructure.
B11: Land use and spatial planning | C11: Growth pays for growth | D11: Ensure there is full recovery of new infrastructure costs from new development. | E11: =BA11 -> 4 | G11: Will assist but unlikely to be fully achievable given legislative requirements of development contributions/levies | H11: 1 | I11: Can assist | J11: 1 | K11: Can assist | L11: 1 | M11: Can assist | N11: 1 | O11: Can assist | P11: 1 | T11: $1-$5m | U11: =IF(T11=0,,(IF(T11='Scaling system'!$F$3,0,(IF(T11='Scaling system'!$F$4,-1,IF(T11='Scaling system'!$F$5,-2,IF(T11='Scaling system'!$F$6,-3))))))) -> -1 | AB11: Can adapt to need over time | AC11: 2 | AF11: Expected approach | AG11: 0 | AH11: Full cost recovery open to significant challenges | AI11: -2 | AJ11: Expected approach | AK11: 0 | AM11: Expected approach | AN11: 0 | AO11: Expected approach | AP11: 0 | AV11: =H11+J11+L11+N11+P11 -> 5 | AW11: =S11 -> 0 | AX11: =U11+AC11+W11+Y11+AA11 -> 1 | AY11: =AG11+AI11+AK11 -> -2 | AZ11: =AN11+AP11 -> 0 | BA11: =SUM(AV11:AZ11) -> 4 | BC11: Progress | BD11: Progress to shortlist consideration.
C12: Local schools | D12: Local schools close to where people live, particularly in Leamington. | E12: =BA12 -> 10 | G12: Reduces need to travel by car, enables economic and population growth | H12: 1 | I12: Improves accessibility by non-car modes | J12: 2 | K12: Reduces dependency on existing corridors and bridges | L12: 1 | M12: Local travel may reduce exposure to risk | N12: 1 | O12: Supports vibrancy, reduces parking pressures, reduces VKT | P12: 2 | T12: < $1m | U12: =IF(T12=0,,(IF(T12='Scaling system'!$F$3,0,(IF(T12='Scaling system'!$F$4,-1,IF(T12='Scaling system'!$F$5,-2,IF(T12='Scaling system'!$F$6,-3))))))) -> 0 | AB12: Schools are a significant investment by MoE but good planning allows growth over time | AC12: 2 | AF12: Expected approach | AG12: 0 | AH12: Designating land for new schools is possible as part of growth but requires a strong Ministry of Education lead amidst competing priorities. | AI12: -3 | AJ12: Expected approach | AK12: 0 | AM12: Positive impacts on local community cohesion | AN12: 2 | AO12: Positive outcomes | AP12: 2 | AV12: =H12+J12+L12+N12+P12 -> 7 | AW12: =S12 -> 0 | AX12: =U12+AC12+W12+Y12+AA12 -> 2 | AY12: =AG12+AI12+AK12 -> -3 | AZ12: =AN12+AP12 -> 4 | BA12: =SUM(AV12:AZ12) -> 10 | BC12: Progress | BD12: Additional schools on the Leamington side would be a valuable planning option to reduce travel and improve growth outcomes, however Council can only lobby Ministry of Education for this outcome.
C13: Local services / medical / commercial centres | D13: Use planning tools to enable services, medical and commercial centres to locate to where people live, particularly in Leamington | E13: =BA13 -> 12 | G13: Reduces need to travel by car, enables economic and population growth | H13: 1 | I13: Improves accessibility by non-car modes | J13: 2 | K13: Reduces dependency on existing corridors | L13: 1 | M13: Local travel may reduce exposure to risk | N13: 1 | O13: Supports vibrancy, parking management, reduces VKT | P13: 2 | T13: < $1m | U13: =IF(T13=0,,(IF(T13='Scaling system'!$F$3,0,(IF(T13='Scaling system'!$F$4,-1,IF(T13='Scaling system'!$F$5,-2,IF(T13='Scaling system'!$F$6,-3))))))) -> 0 | AB13: Can adapt to need over time | AC13: 2 | AF13: Expected approach | AG13: 0 | AH13: Land use change and consenting can face challenges | AI13: -1 | AJ13: Expected approach | AK13: 0 | AM13: Positive impacts on local community cohesion | AN13: 2 | AO13: Positive outcomes | AP13: 2 | AV13: =H13+J13+L13+N13+P13 -> 7 | AW13: =S13 -> 0 | AX13: =U13+AC13+W13+Y13+AA13 -> 2 | AY13: =AG13+AI13+AK13 -> -1 | AZ13: =AN13+AP13 -> 4 | BA13: =SUM(AV13:AZ13) -> 12 | BC13: Progress | BD13: Progress to shortlist consideration.
C14: Integrated planning for growth | D14: Create a closer linkage between planned growth and transport infrastructure and services required to support that growth, e.g. greater housing density along bus routes. | E14: =BA14 -> 12 | G14: Aligns land use and transport planning. Focuses transport investment. | H14: 2 | I14: Would ensure key transport corridors were planned and developed in step with growth. | J14: 2 | K14: Provided investment keeps pace, there is greater chance of long term resilience. | L14: 2 | M14: Fewer main travel corridors built to good standards would promote safety | N14: 2 | O14: Confines transport impacts to key routes, thus reducing overall community impact. | P14: 2 | T14: $1-$5m | U14: =IF(T14=0,,(IF(T14='Scaling system'!$F$3,0,(IF(T14='Scaling system'!$F$4,-1,IF(T14='Scaling system'!$F$5,-2,IF(T14='Scaling system'!$F$6,-3))))))) -> -1 | AC14: 2 | AF14: Very broad landuse and transport planning can be challenging, but there are good models available. | AG14: -1 | AH14: Typically locked in via District Plan changes, requires consultation and submission processes | AI14: -2 | AJ14: Expected approach | AK14: 0 | AM14: Positive impacts on local community cohesion | AN14: 2 | AO14: Positive outcomes | AP14: 2 | AV14: =H14+J14+L14+N14+P14 -> 10 | AW14: =S14 -> 0 | AX14: =U14+AC14+W14+Y14+AA14 -> 1 | AY14: =AG14+AI14+AK14 -> -3 | AZ14: =AN14+AP14 -> 4 | BA14: =SUM(AV14:AZ14) -> 12 | BC14: Progress | BD14: Progress to shortlist consideration.
A15: INTEGRATED PLANNING CONT… | B15: Land use and spatial planning cont… | C15: Protect Cambridge's character, green spaces & amenity | D15: This appears to be an outcome sought rather than an idea. | E15: =BA15 -> 0 | U15: =IF(T15=0,,(IF(T15='Scaling system'!$F$3,0,(IF(T15='Scaling system'!$F$4,-1,IF(T15='Scaling system'!$F$5,-2,IF(T15='Scaling system'!$F$6,-3))))))) -> 0 | AV15: =H15+J15+L15+N15+P15 -> 0 | AW15: =S15 -> 0 | AX15: =U15+AC15+W15+Y15+AA15 -> 0 | AY15: =AG15+AI15+AK15 -> 0 | AZ15: =AN15+AP15 -> 0 | BA15: =SUM(AV15:AZ15) -> 0 | BC15: Park | BD15: Consideration - Impact on reserves and amenity would be considered as part of Social & Cultural Impacts in the assessment criteria.
C16: Route protection - additional bridge | D16: Complete the planning and designate a future bridge location so there is certainty for the growth and development of Cambridge. | E16: =BA16 -> 4 | G16: Early planning to provide additional capacity will reduce future congestion and enable planned growth | H16: 2 | I16: An additional bridge in the right location will assist this goal | J16: 2 | K16: An additional bridge in the right location will assist with overall system resilience | L16: 2 | M16: An additional bridge in the right location will assist this goal | N16: 2 | O16: An additional bridge in the right location will assist this goal, especially when well planned in advance of construction | P16: 2 | T16: $5-$50m | U16: =IF(T16=0,,(IF(T16='Scaling system'!$F$3,0,(IF(T16='Scaling system'!$F$4,-1,IF(T16='Scaling system'!$F$5,-2,IF(T16='Scaling system'!$F$6,-3))))))) -> -2 | AB16: Once a designation in place it can be difficult and costly to move or change. | AC16: -2 | AF16: Technical investigations are routine, but still significant time and cost. | AG16: -1 | AH16: Requires significant resource, public and political support to achieve designation. | AI16: -2 | AJ16: Expected approach | AK16: 0 | AM16: Can have high impacts on directly affected landowners, and cultural impacts need to be examined. Partly offset by positive impact on community having certainty of location. | AN16: -1 | AO16: An additional bridge in the right location with suitable environmental mitigations becomes a sustainable benefit. | AP16: 2 | AV16: =H16+J16+L16+N16+P16 -> 10 | AW16: =S16 -> 0 | AX16: =U16+AC16+W16+Y16+AA16 -> -4 | AY16: =AG16+AI16+AK16 -> -3 | AZ16: =AN16+AP16 -> 1 | BA16: =SUM(AV16:AZ16) -> 4 | BC16: Progress | BD16: This is an expected requirement for any new infrastructure.
C17: Protect rail corridor for future use | D17: Plan to incorporate future rail use or avoid transport solutions which inhibit future rail corridor development. | E17: =BA17 -> 5 | G17: Contributes to this goal but likely only decades into the future. | H17: 1 | I17: Contributes to this goal but likely only decades into the future. | J17: 1 | K17: Contributes to this goal but likely only decades into the future. | L17: 1 | M17: Contributes to this goal but likely only decades into the future. | N17: 1 | O17: Contributes to this goal but likely only decades into the future. | P17: 1 | T17: < $1m | U17: =IF(T17=0,,(IF(T17='Scaling system'!$F$3,0,(IF(T17='Scaling system'!$F$4,-1,IF(T17='Scaling system'!$F$5,-2,IF(T17='Scaling system'!$F$6,-3))))))) -> 0 | AB17: Maintaining the current corridor available for future use does limit options for Victoria Road use in the medium term. | AC17: -1 | AF17: No effort required to retain existing corridor. | AG17: 0 | AH17: No effort required to retain existing corridor. | AI17: 0 | AJ17: Safety impacts long term if trains run again on the corridor through the urban area. | AK17: -1 | AM17: No impact while corridor is just protected. | AN17: 0 | AO17: Long term a rail link could play a role in mass transit which is a very sustainable transport form. But viability requires high passenger numbers. | AP17: 2 | AV17: =H17+J17+L17+N17+P17 -> 5 | AW17: =S17 -> 0 | AX17: =U17+AC17+W17+Y17+AA17 -> -1 | AY17: =AG17+AI17+AK17 -> -1 | AZ17: =AN17+AP17 -> 2 | BA17: =SUM(AV17:AZ17) -> 5 | BC17: Progress | BD17: This is in the hands of central government and Kiwirail, but Council can seek to plan around retention of the rail corridor.
C18: Stop / restrict growth | D18: Restrict residential and commercial growth in Cambridge to remain within the capacity of current infrastructure and transport services. | E18: =BA18 -> -19 | G18: Does not meet key objective of enabling planned growth | H18: -2 | I18: A no or low growth strategy on its own does not meet this objective | J18: -1 | K18: A no or low growth strategy on its own does not meet this objective | L18: -1 | M18: A no or low growth strategy on its own does not meet this objective | N18: -1 | O18: A no or low growth strategy on its own may lessen impacts | P18: 1 | T18: $1-$5m | U18: =IF(T18=0,,(IF(T18='Scaling system'!$F$3,0,(IF(T18='Scaling system'!$F$4,-1,IF(T18='Scaling system'!$F$5,-2,IF(T18='Scaling system'!$F$6,-3))))))) -> -1 | AB18: Legal requirement to provide for growth. Planning for low or no growth will leave the community vulnerable when growth invariably occurs. | AC18: -3 | AF18: Accommodating unexpected growth would be challenging. | AG18: -2 | AH18: NPS-UD requires Council to provide for 30 yrs' of growth. | AI18: -3 | AJ18: Lack of planning is likely to lead to poorer safety outcomes. | AK18: -2 | AM18: Lack of planning is likely to lead to poorer social and cultural outcomes. | AN18: -2 | AO18: Lack of planning is likely to lead to poorer environmental outcomes. | AP18: -2 | AV18: =H18+J18+L18+N18+P18 -> -4 | AW18: =S18 -> 0 | AX18: =U18+AC18+W18+Y18+AA18 -> -4 | AY18: =AG18+AI18+AK18 -> -7 | AZ18: =AN18+AP18 -> -4 | BA18: =SUM(AV18:AZ18) -> -19 | BC18: Park | BD18: Provision for a prescribed level of growth is mandated by central government through the National Policy Statement - Urban Development. Council is therefore unable to stop or restrict growth. However, there are sufficient growth cells provided for Cambridge to grow over the next 30 years, so additional land does not need to be found.
B19: Walking, cycling and micro-mobility | C19: Implement design standards for kerbs and intersections for mobility users | D19: Upgrade intersection kerbs and paths to ensure they can be easily used by pedestrians and those with mobility aids. | E19: =BA19 -> 4 | G19: No change | H19: 0 | I19: Improves accessibility by non-car modes | J19: 1 | K19: No change | L19: 0 | M19: Improves safety for users | N19: 2 | O19: No change | P19: 0 | T19: $1-$5m | U19: =IF(T19=0,,(IF(T19='Scaling system'!$F$3,0,(IF(T19='Scaling system'!$F$4,-1,IF(T19='Scaling system'!$F$5,-2,IF(T19='Scaling system'!$F$6,-3))))))) -> -1 | AB19: BAU type activity | AC19: 1 | AF19: Good technical standards exist. It can sometimes be challenging implementing them around existing infrastructure. | AG19: -1 | AH19: No consenting required | AI19: 0 | AJ19: No impact | AK19: 0 | AM19: Improved social cohesion through improved access | AN19: 1 | AO19: Small improvement | AP19: 1 | AV19: =H19+J19+L19+N19+P19 -> 3 | AW19: =S19 -> 0 | AX19: =U19+AC19+W19+Y19+AA19 -> 0 | AY19: =AG19+AI19+AK19 -> -1 | AZ19: =AN19+AP19 -> 2 | BA19: =SUM(AV19:AZ19) -> 4 | BC19: Progress | BD19: This is an expected requirement for any new infrastructure.
C20: Improve cycling and micro-mobility policies | D20: Establish policies and good practice which improve safety and the attractiveness of these modes. | E20: =BA20 -> 7 | G20: Assists with aligning land use and transport | H20: 1 | I20: Improves accessibility by non-car modes | J20: 1 | K20: No change | L20: 0 | M20: Improves safety for users | N20: 2 | O20: No change | P20: 0 | T20: < $1m | U20: =IF(T20=0,,(IF(T20='Scaling system'!$F$3,0,(IF(T20='Scaling system'!$F$4,-1,IF(T20='Scaling system'!$F$5,-2,IF(T20='Scaling system'!$F$6,-3))))))) -> 0 | AB20: Can be easily changed | AC20: 2 | AF20: BAU type activity, likely to be good examples able to be adopted | AG20: 0 | AH20: Potentially District Plan changes as one means of publishing policies, bylaw is another. | AI20: -1 | AJ20: No impact | AK20: 0 | AM20: Positive social impacts where change can be widely supported by communities | AN20: 1 | AO20: Small improvement | AP20: 1 | AV20: =H20+J20+L20+N20+P20 -> 4 | AW20: =S20 -> 0 | AX20: =U20+AC20+W20+Y20+AA20 -> 2 | AY20: =AG20+AI20+AK20 -> -1 | AZ20: =AN20+AP20 -> 2 | BA20: =SUM(AV20:AZ20) -> 7 | BC20: Progress | BD20: Progress to shortlist consideration.
A21: DEMAND MANAGEMENT | B21: CBD / Town Centre | C21: Restrict delivery hours in the CBD | D21: Use bylaw process to set delivery hour rules and enforce. | E21: =BA21 -> 1 | G21: Small benefit to congestion management | H21: 1 | I21: Small benefit to all road users | J21: 1 | K21: No change | L21: 0 | M21: No change | N21: 0 | O21: No change | P21: 0 | T21: < $1m | U21: =IF(T21=0,,(IF(T21='Scaling system'!$F$3,0,(IF(T21='Scaling system'!$F$4,-1,IF(T21='Scaling system'!$F$5,-2,IF(T21='Scaling system'!$F$6,-3))))))) -> 0 | AB21: Can be easily changed | AC21: 2 | AF21: Presents some challenges to create an effective regime | AG21: -1 | AH21: Requires broad business and freight carrier support, difficult to enforce | AI21: -2 | AJ21: No impact | AK21: 0 | AM21: No impact | AN21: 0 | AO21: No impact | AP21: 0 | AV21: =H21+J21+L21+N21+P21 -> 2 | AW21: =S21 -> 0 | AX21: =U21+AC21+W21+Y21+AA21 -> 2 | AY21: =AG21+AI21+AK21 -> -3 | AZ21: =AN21+AP21 -> 0 | BA21: =SUM(AV21:AZ21) -> 1 | BC21: Progress | BD21: Progress to shortlist consideration.
B22: Freight management | C22: Consolidate waste collection services | D22: Reduce trucks in residential streets by having one waste collection service. | E22: =BA22 -> 3 | G22: Small reduction in trucks on streets | H22: 1 | I22: No impact | J22: 0 | K22: No impact | L22: 0 | M22: No Change | N22: 0 | O22: Small reduction in trucks on streets | P22: 1 | T22: $1-$5m | U22: =IF(T22=0,,(IF(T22='Scaling system'!$F$3,0,(IF(T22='Scaling system'!$F$4,-1,IF(T22='Scaling system'!$F$5,-2,IF(T22='Scaling system'!$F$6,-3))))))) -> -1 | AB22: BAU type activity | AC22: 1 | AF22: BAU type activity | AG22: 0 | AH22: BAU type activity | AI22: 0 | AJ22: Neutral | AK22: 0 | AM22: No impact | AN22: 0 | AO22: Small improvement | AP22: 1 | AV22: =H22+J22+L22+N22+P22 -> 2 | AW22: =S22 -> 0 | AX22: =U22+AC22+W22+Y22+AA22 -> 0 | AY22: =AG22+AI22+AK22 -> 0 | AZ22: =AN22+AP22 -> 1 | BA22: =SUM(AV22:AZ22) -> 3 | BC22: Progress | BD22: Progress to shortlist consideration.
C23: Rail freight | D23: Establish a rail freight terminal in or near Cambridge or Hautapu, upgrade line to accommodate additional trains. | E23: =BA23 -> -2 | G23: Small reduction in trucks on streets, note a local freight-rail hub competes with two close by in Hamilton. | H23: 1 | I23: No impact | J23: 0 | K23: No impact | L23: 0 | M23: Minor impact | N23: 0 | O23: Small reduction in trucks on streets | P23: 1 | T23: $5-$50m | U23: =IF(T23=0,,(IF(T23='Scaling system'!$F$3,0,(IF(T23='Scaling system'!$F$4,-1,IF(T23='Scaling system'!$F$5,-2,IF(T23='Scaling system'!$F$6,-3))))))) -> -2 | AB23: Large investment in one location, potential to assist long term passenger transport | AF23: Would require a range of infrastructure including structures, signaling, road crossings | AG23: -2 | AH23: Requires broad business and freight carrier support, difficult to enforce | AI23: -1 | AJ23: No impact | AK23: 0 | AM23: No impact | AN23: 0 | AO23: Small improvement | AP23: 1 | AV23: =H23+J23+L23+N23+P23 -> 2 | AW23: =S23 -> 0 | AX23: =U23+AC23+W23+Y23+AA23 -> -2 | AY23: =AG23+AI23+AK23 -> -3 | AZ23: =AN23+AP23 -> 1 | BA23: =SUM(AV23:AZ23) -> -2 | BC23: Park | BD23: Large rail/ road freight hubs exist in Hamilton and it would appear counter-intuitive to duplicate this investment for a smaller centre at very high cost. This is not precluded in the long term, noting this is the responsibility of central government and Kiwirail.
A24: DEMAND MANAGEMENT CONT… | B24: Freight management cont… | C24: Designate freight routes / keep freight out of town | D24: Establish routes that are able to be used for local freight within the town and use physical and legal restrictions to discourage long haul freight. | E24: =BA24 -> 1 | G24: A small reduction in congestion | H24: 1 | I24: No impact | J24: 0 | K24: No impact | L24: 0 | M24: Minor impact | N24: 0 | O24: Some improvement for residents on some streets through reduction in truck traffic | P24: 1 | T24: $1-$5m | U24: =IF(T24=0,,(IF(T24='Scaling system'!$F$3,0,(IF(T24='Scaling system'!$F$4,-1,IF(T24='Scaling system'!$F$5,-2,IF(T24='Scaling system'!$F$6,-3))))))) -> -1 | AB24: Can be easily changed | AC24: 2 | AF24: Challenging to retain locally needed freight access while discouraging long haul freight. | AG24: -2 | AH24: Likely to be challenged by freight industry as it will increase costs for some producers and carriers. | AI24: -2 | AJ24: No impact | AK24: 0 | AM24: Small improvement | AN24: 1 | AO24: Small improvement | AP24: 1 | AV24: =H24+J24+L24+N24+P24 -> 2 | AW24: =S24 -> 0 | AX24: =U24+AC24+W24+Y24+AA24 -> 1 | AY24: =AG24+AI24+AK24 -> -4 | AZ24: =AN24+AP24 -> 2 | BA24: =SUM(AV24:AZ24) -> 1 | BC24: Progress | BD24: Progress to shortlist consideration.
C25: Increase truck weight limits on specific routes | D25: Specific freight routes and bridges are constructed to accommodate heavier trucks making the freight function more efficiently. | E25: =BA25 -> 5 | G25: Improves freight route reliability and efficiency. | H25: 2 | I25: Improves assess to and productivity of economic activity areas | J25: 1 | K25: Higher load carrying roads and structures will be more resilient and require less disruptive maintenance. | L25: 2 | M25: Higher quality roads can be engineered to a higher safety standard. | N25: 1 | O25: Specified routes could restrict the impacts of trucks on other roads and residents int he town. | P25: 1 | T25: $5-$50m | U25: =IF(T25=0,,(IF(T25='Scaling system'!$F$3,0,(IF(T25='Scaling system'!$F$4,-1,IF(T25='Scaling system'!$F$5,-2,IF(T25='Scaling system'!$F$6,-3))))))) -> -2 | AB25: Large investment in one location, may not be adaptive to change | AC25: -1 | AF25: Technically possible and common practice | AG25: 0 | AH25: Residents near specified freight routes may object to concentrating large truck movements near them. E.g. if a District Plan change is required to designate freight routes. | AI25: -2 | AJ25: Safety can be engineered. | AK25: 0 | AM25: Has potential to impact one locality but reduce impacts across wider groups of the community. | AN25: 1 | AO25: Concentrating investment and engineering to manage effects in one area is a better outcome than distributed costs and effects. | AP25: 2 | AV25: =H25+J25+L25+N25+P25 -> 7 | AW25: =S25 -> 0 | AX25: =U25+AC25+W25+Y25+AA25 -> -3 | AY25: =AG25+AI25+AK25 -> -2 | AZ25: =AN25+AP25 -> 3 | BA25: =SUM(AV25:AZ25) -> 5 | BC25: Progress | BD25: Progress to shortlist consideration.
B26: Manage demand | C26: Carpooling for school and work trips | D26: Promote and incentivize car pooling apps and usage. | E26: =BA26 -> 6 | G26: Likely to only produce a small reduction in congestion | H26: 1 | I26: Likely to only produce a small improvement in accessibility | J26: 1 | K26: No impact | L26: 0 | M26: No impact | N26: 0 | O26: Minimal impact on community or environment | P26: 1 | T26: < $1m | U26: =IF(T26=0,,(IF(T26='Scaling system'!$F$3,0,(IF(T26='Scaling system'!$F$4,-1,IF(T26='Scaling system'!$F$5,-2,IF(T26='Scaling system'!$F$6,-3))))))) -> 0 | AB26: Can be easily changed | AC26: 2 | AF26: Apps exist now and car pooling will be happening now, so technically easy | AG26: 0 | AH26: No consenting required | AI26: 0 | AJ26: Personal safety concerns will discourage some people taking up this idea. | AK26: -1 | AM26: Small improvement | AN26: 1 | AO26: Small improvement | AP26: 1 | AV26: =H26+J26+L26+N26+P26 -> 3 | AW26: =S26 -> 0 | AX26: =U26+AC26+W26+Y26+AA26 -> 2 | AY26: =AG26+AI26+AK26 -> -1 | AZ26: =AN26+AP26 -> 2 | BA26: =SUM(AV26:AZ26) -> 6 | BC26: Progress | BD26: Progress to shortlist consideration.
C27: Tolling | D27: Place tolls on private car and truck use to manage demand and recover costs of new infrastructure, particularly a new bridge. | E27: =BA27 -> -2 | G27: Tolled routes will are generally more reliable with less congestion but can create greater congestion on nearby untolled routes. | H27: 1 | I27: Tolls typically suitable for major routes over longer distances and therefore less likely to improve local accessibility | J27: 1 | K27: Would support an additional route across the river and hence improved resilience | L27: 2 | M27: Likely to improve safety on the new tolled part of the network. | N27: 1 | O27: Potential to confine transport impacts to key routes, thus reducing overall community impact. | P27: 1 | T27: $5-$50m | U27: =IF(T27=0,,(IF(T27='Scaling system'!$F$3,0,(IF(T27='Scaling system'!$F$4,-1,IF(T27='Scaling system'!$F$5,-2,IF(T27='Scaling system'!$F$6,-3))))))) -> -2 | AB27: Typically locks in a long term asset and loan repayment, so not flexible. | AC27: -2 | AF27: Technology in use in NZ now but managed at a national not a local level. | AG27: 0 | AH27: Requires specific central government approvals and not typically approved for non-national highway infrastructure projects. NZTA has demonstrated that tolls will only fund a small portion of CAPEX costs. | AI27: -3 | AJ27: No impact | AK27: 0 | AM27: Significant new road impacting surrounding properties. | AN27: -1 | AO27: Increased VKT but benefits for all transport modes | AP27: 0 | AV27: =H27+J27+L27+N27+P27 -> 6 | AW27: =S27 -> 0 | AX27: =U27+AC27+W27+Y27+AA27 -> -4 | AY27: =AG27+AI27+AK27 -> -3 | AZ27: =AN27+AP27 -> -1 | BA27: =SUM(AV27:AZ27) -> -2 | BC27: Park | BD27: Tolling is currently not available for local government so would need a change to legislation. This options could be taken forward if legislative change occurs. It is noted that NZTA business cases for Roads of National Significance suggest that tolls are likely to only cover a small proportion of CAPEX and OPEX costs of new infrastructure.
C28: Flexible school hours | D28: Coordinate staggered start and end hours across all Cambridge schools to reduce peak car travel on the network. | E28: =BA28 -> 9 | G28: Would reduce congestion at morning and afternoon peak travel times | H28: 1 | I28: Improves morning commute times for workers and improves access to schools as key community destinations | J28: 1 | K28: No impact | L28: 0 | M28: Small improvement through less congestion near schools | N28: 1 | O28: Potential to improve parking supply/ demand near schools | P28: 1 | T28: < $1m | U28: =IF(T28=0,,(IF(T28='Scaling system'!$F$3,0,(IF(T28='Scaling system'!$F$4,-1,IF(T28='Scaling system'!$F$5,-2,IF(T28='Scaling system'!$F$6,-3))))))) -> 0 | AB28: Can be easily changed | AC28: 3 | AF28: Simple communications and coordination required. | AG28: 0 | AH28: No formal consenting required, just support by all schools. | AI28: 0 | AJ28: No impact | AK28: 0 | AM28: An example of community cooperation for wider benefits. | AN28: 1 | AO28: Potential for more efficient travel, less emissions | AP28: 1 | AV28: =H28+J28+L28+N28+P28 -> 4 | AW28: =S28 -> 0 | AX28: =U28+AC28+W28+Y28+AA28 -> 3 | AY28: =AG28+AI28+AK28 -> 0 | AZ28: =AN28+AP28 -> 2 | BA28: =SUM(AV28:AZ28) -> 9 | BC28: Progress | BD28: Progress to shortlist consideration.
C29: Bike libraries | D29: Work with community partners to provide secondhand bikes for students and residents who could not otherwise afford a bike. | E29: =BA29 -> 8 | G29: Unlikely to make a difference to congestion or trip reliability. | H29: 0 | I29: Improves equity of access to town destinations | J29: 2 | K29: No impact | L29: 0 | M29: No impact | N29: 0 | O29: Minimal impact on community or environment | P29: 1 | T29: < $1m | U29: =IF(T29=0,,(IF(T29='Scaling system'!$F$3,0,(IF(T29='Scaling system'!$F$4,-1,IF(T29='Scaling system'!$F$5,-2,IF(T29='Scaling system'!$F$6,-3))))))) -> 0 | AB29: Can be easily changed | AC29: 3 | AF29: Simple communications and coordination required. | AG29: 0 | AH29: No formal consenting required, just partner support. | AI29: 0 | AJ29: No impact | AK29: 0 | AM29: An example of community cooperation for wider benefits. | AN29: 1 | AO29: Potential for more efficient travel, less emissions | AP29: 1 | AV29: =H29+J29+L29+N29+P29 -> 3 | AW29: =S29 -> 0 | AX29: =U29+AC29+W29+Y29+AA29 -> 3 | AY29: =AG29+AI29+AK29 -> 0 | AZ29: =AN29+AP29 -> 2 | BA29: =SUM(AV29:AZ29) -> 8 | BC29: Progress | BD29: Progress to shortlist consideration.
C30: Bike / micro-mobility / car hire schemes | D30: Commercially run hire schemes for a range of transport modes. | E30: =BA30 -> 7 | G30: Unlikely to make a difference to congestion or trip reliability. | H30: 0 | I30: Improves equity of access to town destinations | J30: 2 | K30: No impact | L30: 0 | M30: No impact | N30: 0 | O30: Minor positive impact on congestion and parking impacts | P30: 1 | T30: < $1m | U30: =IF(T30=0,,(IF(T30='Scaling system'!$F$3,0,(IF(T30='Scaling system'!$F$4,-1,IF(T30='Scaling system'!$F$5,-2,IF(T30='Scaling system'!$F$6,-3))))))) -> 0 | AB30: Can be easily changed | AC30: 3 | AF30: Technology in use in NZ now. | AG30: 0 | AH30: Simple licensing or Bylaw rules required to govern use and parking in public places | AI30: 0 | AJ30: Some concerns with inappropriate use of hire micro-mobility devices, but these concerns are reducing with good controls | AK30: -1 | AM30: Small benefit from improved mobility and vehicle access | AN30: 1 | AO30: Potential for more efficient travel, less emissions | AP30: 1 | AV30: =H30+J30+L30+N30+P30 -> 3 | AW30: =S30 -> 0 | AX30: =U30+AC30+W30+Y30+AA30 -> 3 | AY30: =AG30+AI30+AK30 -> -1 | AZ30: =AN30+AP30 -> 2 | BA30: =SUM(AV30:AZ30) -> 7 | BC30: Progress | BD30: Progress to shortlist consideration.
B31: Manage demand cont… | C31: Promotion of public transport, cycling, education and behaviour change programmes | D31: Through a comprehensive programme, promote benefits of alternate modes to encourage a switch to healthy and sustainable travel. | E31: =BA31 -> 9 | G31: Over time, promotion is shown to improve mode change, alongside cost incentives, assisting to manage congestion | H31: 1 | I31: Needs to happen in tandem with bus and micro-mobility infrastructure, and then access is improved. | J31: 1 | K31: Effective mode shift programmes assist improved system resilience | L31: 1 | M31: No impact | N31: 0 | O31: Potential to reduce travel impacts, parking demand and support vibrant communities | P31: 1 | T31: < $1m | U31: =IF(T31=0,,(IF(T31='Scaling system'!$F$3,0,(IF(T31='Scaling system'!$F$4,-1,IF(T31='Scaling system'!$F$5,-2,IF(T31='Scaling system'!$F$6,-3))))))) -> 0 | AB31: Can be easily changed | AC31: 3 | AF31: Common technical approach available | AG31: 0 | AH31: No formal consenting required, just partner support. | AI31: 0 | AJ31: No impact | AK31: 0 | AM31: An example of community cooperation for wider benefits. | AN31: 1 | AO31: Potential for more efficient travel, less emissions | AP31: 1 | AV31: =H31+J31+L31+N31+P31 -> 4 | AW31: =S31 -> 0 | AX31: =U31+AC31+W31+Y31+AA31 -> 3 | AY31: =AG31+AI31+AK31 -> 0 | AZ31: =AN31+AP31 -> 2 | BA31: =SUM(AV31:AZ31) -> 9 | BC31: Progress | BD31: Progress to shortlist consideration.
B32: Walking, cycling and micro-mobility | C32: De-prioritise walking and cycling | D32: Prioritise vehicle traffic and make no further investment or remove priority walking and cycling infrastructure. | E32: =BA32 -> -22 | G32: Unlikely to make a significant difference to main traffic routes | H32: 0 | I32: Traffic growth will reduce access ease by non-vehicle modes | J32: -2 | K32: Minor reduction in resilience | L32: -1 | M32: Likely to lead to increased injuries to pedestrians and cyclists | N32: -2 | O32: Increased vehicle use, decreased vibrancy | P32: -2 | T32: $1-$5m | U32: =IF(T32=0,,(IF(T32='Scaling system'!$F$3,0,(IF(T32='Scaling system'!$F$4,-1,IF(T32='Scaling system'!$F$5,-2,IF(T32='Scaling system'!$F$6,-3))))))) -> -1 | AB32: Locks in car centric infrastructure | AC32: -2 | AF32: Technically possible | AG32: 0 | AH32: Likely to face significant public challenge | AI32: -3 | AJ32: Would not meet legal test of reasonableness | AK32: -3 | AM32: Adversely affects part of the community | AN32: -3 | AO32: Adverse effects | AP32: -3 | AV32: =H32+J32+L32+N32+P32 -> -7 | AW32: =S32 -> 0 | AX32: =U32+AC32+W32+Y32+AA32 -> -3 | AY32: =AG32+AI32+AK32 -> -6 | AZ32: =AN32+AP32 -> -6 | BA32: =SUM(AV32:AZ32) -> -22 | BC32: Park | BD32: It is not reasonable or safe to prioritise vehicle travel over all other forms of transport.
A33: DEMAND MANAGEMENT CONT… | B33: Walking, cycling and micro-mobility cont… | C33: Bike / micro-mobility parking and charging facilities | D33: Provide end of journey facilities required to allow uptake of micro-mobility, e.g. secure parking, personal security, charging and maintenance services. | E33: =BA33 -> 6 | G33: Unlikely to make a difference to congestion or trip reliability. | H33: 0 | I33: Allows or promotes alternate mode travel to key destinations. | J33: 2 | K33: Effective mode shift programmes assist improved system resilience | L33: 1 | M33: Benefit to public safety and security when parking zones are surveilled | N33: 1 | O33: Potential to reduce travel impacts, parking demand and support vibrant communities | P33: 1 | T33: $1-$5m | U33: =IF(T33=0,,(IF(T33='Scaling system'!$F$3,0,(IF(T33='Scaling system'!$F$4,-1,IF(T33='Scaling system'!$F$5,-2,IF(T33='Scaling system'!$F$6,-3))))))) -> -1 | AB33: Can be changed | AC33: 2 | AF33: Common technical approach available | AG33: 0 | AH33: Potentially require building and land use consents for facilities of scale. E.g. covered parking facilities. | AI33: -1 | AJ33: No impact | AK33: 0 | AM33: No impact | AN33: 0 | AO33: Potential for more efficient travel, less emissions | AP33: 1 | AV33: =H33+J33+L33+N33+P33 -> 5 | AW33: =S33 -> 0 | AX33: =U33+AC33+W33+Y33+AA33 -> 1 | AY33: =AG33+AI33+AK33 -> -1 | AZ33: =AN33+AP33 -> 1 | BA33: =SUM(AV33:AZ33) -> 6 | BC33: Progress | BD33: Progress to shortlist consideration.
B34: Public transport services | C34: Don't invest in public transport | D34: Prioritise vehicle traffic and make no further investment or reduce investment in public transport. | E34: =BA34 -> -19 | G34: A reduction in proportion of PT trips as population grows and increasing congestion | H34: -1 | I34: A gradual decline in accessibility for residents without access to cars. | J34: -2 | K34: Minor reduction in resilience | L34: -1 | M34: Likely to lead to increased injuries | N34: -1 | O34: Increased vehicle use, decreased vibrancy | P34: -1 | T34: < $1m | U34: =IF(T34=0,,(IF(T34='Scaling system'!$F$3,0,(IF(T34='Scaling system'!$F$4,-1,IF(T34='Scaling system'!$F$5,-2,IF(T34='Scaling system'!$F$6,-3))))))) -> 0 | AB34: Locks in car centric culture and infrastructure | AC34: -2 | AF34: Technically possible | AG34: 0 | AH34: Likely to face significant public challenge | AI34: -3 | AJ34: Would not meet legal test of reasonableness | AK34: -2 | AM34: Adversely affects part of the community | AN34: -3 | AO34: Adverse effects | AP34: -3 | AV34: =H34+J34+L34+N34+P34 -> -6 | AW34: =S34 -> 0 | AX34: =U34+AC34+W34+Y34+AA34 -> -2 | AY34: =AG34+AI34+AK34 -> -5 | AZ34: =AN34+AP34 -> -6 | BA34: =SUM(AV34:AZ34) -> -19 | BC34: Park | BD34: It is not reasonable or sustainable to stop public transport services. It is noted that providing public transport services is the responsibility of Waikato Regional Council, not Waipā District Council.
C35: Promote mobility transport services | D35: Promote use of taxi, uber, community shuttles and disability support transport options. | E35: =BA35 -> 10 | G35: No impact | H35: 0 | I35: Positive impact for residents without access to private vehicles | J35: 2 | K35: No impact | L35: 0 | M35: No impact | N35: 0 | O35: Minor improvement to community inclusiveness through increased ability to travel. | P35: 1 | T35: < $1m | U35: =IF(T35=0,,(IF(T35='Scaling system'!$F$3,0,(IF(T35='Scaling system'!$F$4,-1,IF(T35='Scaling system'!$F$5,-2,IF(T35='Scaling system'!$F$6,-3))))))) -> 0 | AB35: Can be changed | AC35: 3 | AF35: Exists currently at a basic level | AG35: 0 | AH35: No impact | AI35: 0 | AJ35: No impact | AK35: 0 | AM35: Positive social impacts where mobility services can be widely supported by communities | AN35: 3 | AO35: Reliant on motor vehicles but with lesser impacts where services are shared | AP35: 1 | AV35: =H35+J35+L35+N35+P35 -> 3 | AW35: =S35 -> 0 | AX35: =U35+AC35+W35+Y35+AA35 -> 3 | AY35: =AG35+AI35+AK35 -> 0 | AZ35: =AN35+AP35 -> 4 | BA35: =SUM(AV35:AZ35) -> 10 | BC35: Progress | BD35: Progress to shortlist consideration.
A36: BEST USE OF EXISTING NETWORK | B36: CBD / Town centre | C36: Improve alternate travel modes to CBD | D36: Prioritise alternate mode connections to the CBD, e.g. bus routes and micro-mobility paths connections to CBD. | E36: =BA36 -> 6 | G36: Assists in managing car congestion in CBD | H36: 1 | I36: Positive impact for residents without access to private vehicles | J36: 2 | K36: May reduce dependency on vehicle corridors for access | L36: 1 | M36: Improves safety for increasing population to access CBD | N36: 1 | O36: Supports vibrant centre, parking demand management | P36: 2 | T36: $5-$50m | U36: =IF(T36=0,,(IF(T36='Scaling system'!$F$3,0,(IF(T36='Scaling system'!$F$4,-1,IF(T36='Scaling system'!$F$5,-2,IF(T36='Scaling system'!$F$6,-3))))))) -> -2 | AB36: Relatively easily changed infrastructure. | AC36: 2 | AF36: Retrofitting walking, cycling bus facilities into existing environment can be challenging. | AG36: -2 | AH36: Likely to face some public challenge unless integrated with wider bus improvements and behaviour change | AI36: -2 | AJ36: No impact | AK36: 0 | AM36: Positive social impacts from improved access, a more vibrant CBD | AN36: 1 | AO36: More efficient travel, less emissions, enhanced amenity | AP36: 2 | AV36: =H36+J36+L36+N36+P36 -> 7 | AW36: =S36 -> 0 | AX36: =U36+AC36+W36+Y36+AA36 -> 0 | AY36: =AG36+AI36+AK36 -> -4 | AZ36: =AN36+AP36 -> 3 | BA36: =SUM(AV36:AZ36) -> 6 | BC36: Progress | BD36: Progress to shortlist consideration.
C37: Improve traffic flow around CBD | D37: Change intersection priorities and utilise existing streets to move more traffic around the outside of the CBD. | E37: =BA37 -> -8 | G37: Assists in managing car congestion in CBD | H37: 1 | I37: Positive impact in the CBD but a negative impact on the routes used around the fringe as parking could be reduced and congestion would move. | J37: 0 | K37: Some additional resilience through spreading traffic to more improved routes. | L37: 1 | M37: Provided the new routes were well engineered the change could have a positive safety impact | N37: 1 | O37: Would move higher flows of traffic into predominately residential areas | P37: -1 | T37: $5-$50m | U37: =IF(T37=0,,(IF(T37='Scaling system'!$F$3,0,(IF(T37='Scaling system'!$F$4,-1,IF(T37='Scaling system'!$F$5,-2,IF(T37='Scaling system'!$F$6,-3))))))) -> -2 | AB37: Locks in car centric culture and infrastructure | AC37: -2 | AF37: Complex changes to existing streets around the CBD to accommodate high volumes of traffic | AG37: -2 | AH37: Likely to face public challenge if large volumes of traffic is diverted to alternate streets. | AI37: -2 | AJ37: Some concerns that moving high volumes of traffic to adjacent streets could reduce safety or perception of safety | AK37: -1 | AM37: Positive social impacts from improved access, a more vibrant CBD, offset by negatives of moving traffic to sensitive areas | AN37: 0 | AO37: Potential to encourage more travel and traffic impacts if congestion is reduced | AP37: -1 | AV37: =H37+J37+L37+N37+P37 -> 2 | AW37: =S37 -> 0 | AX37: =U37+AC37+W37+Y37+AA37 -> -4 | AY37: =AG37+AI37+AK37 -> -5 | AZ37: =AN37+AP37 -> -1 | BA37: =SUM(AV37:AZ37) -> -8 | BC37: Progress | BD37: While more negative outcomes than positive, a partial diversion of flow, especially to the east combined with other treatments may still yield a positive outcome.
C38: Pedestrianise part of CBD | D38: Many different options exist, e.g. partial street closures as part of scheme to redirect traffic, full street closures to create a pedestrian precinct or closure to traffic for certain hours, or shared people and vehicle spaces. | E38: =BA38 -> 2 | G38: Supports objective in part provided alternate traffic routes are provided. | H38: 1 | I38: Positive impact in CBD | J38: 1 | K38: Reduces resilience in small part unless alternate routes are adequate. | L38: 0 | M38: Improves safety for pedestrians | N38: 1 | O38: Supports vibrant centre, improves town centre environment | P38: 3 | T38: $1-$5m | U38: =IF(T38=0,,(IF(T38='Scaling system'!$F$3,0,(IF(T38='Scaling system'!$F$4,-1,IF(T38='Scaling system'!$F$5,-2,IF(T38='Scaling system'!$F$6,-3))))))) -> -1 | AB38: Often combined with significant landscaping improvement. Can be changed but generally investments of this type have a long life. | AC38: -2 | AF38: Change and working in a busy environment can be challenging | AG38: -2 | AH38: Likely to face some public challenge | AI38: -2 | AJ38: No impact | AK38: 0 | AM38: Positive social impacts from improved access, a more vibrant CBD | AN38: 1 | AO38: Common approach to improve environmental conditions in traffic dominated CBD areas | AP38: 2 | AV38: =H38+J38+L38+N38+P38 -> 6 | AW38: =S38 -> 0 | AX38: =U38+AC38+W38+Y38+AA38 -> -3 | AY38: =AG38+AI38+AK38 -> -4 | AZ38: =AN38+AP38 -> 3 | BA38: =SUM(AV38:AZ38) -> 2 | BC38: Progress | BD38: Progress to shortlist consideration.
C39: Provide separate cycle paths in CBD | D39: Change parking and traffic lane space to create protected cycle paths through the CBD so there is a continuous corridor through Victoria Street. Would also require priority changes at intersections to improve the safety for pedestrians and cyclists. | E39: =BA39 -> 3 | G39: Provides a reliable transport route for active modes. | H39: 1 | I39: Positive impact for residents without access to private vehicles | J39: 2 | K39: No impact | L39: 0 | M39: Significant safety improvement over current provision for cyclists in CBD | N39: 3 | O39: Supports vibrant centre, parking demand management | P39: 2 | T39: $5-$50m | U39: =IF(T39=0,,(IF(T39='Scaling system'!$F$3,0,(IF(T39='Scaling system'!$F$4,-1,IF(T39='Scaling system'!$F$5,-2,IF(T39='Scaling system'!$F$6,-3))))))) -> -2 | AB39: With intersection changes, likely to be a substantial investment | AC39: -2 | AF39: Retrofitting cycling facilities into existing enviroment can be challenging. | AG39: -2 | AH39: Likely to face some public challenge | AI39: -2 | AJ39: No impact | AK39: 0 | AM39: Positive social impacts from improved access, a more vibrant CBD | AN39: 1 | AO39: Common approach to improve environmental conditions in traffic dominated CBD areas | AP39: 2 | AV39: =H39+J39+L39+N39+P39 -> 8 | AW39: =S39 -> 0 | AX39: =U39+AC39+W39+Y39+AA39 -> -4 | AY39: =AG39+AI39+AK39 -> -4 | AZ39: =AN39+AP39 -> 3 | BA39: =SUM(AV39:AZ39) -> 3 | BC39: Progress | BD39: Progress to shortlist consideration.
C40: Remove through traffic from CBD | D40: Change parking, traffic space and intersections to significantly discourage through traffic from Victoria Streets. Could be combined with other town centre improvements. | E40: =BA40 -> -5 | G40: Only possible if travel demand measures and alternate route capacity improvements provided at the same time to re route the traffic around the CBD. | H40: -2 | I40: Improves access for alternate modes but makes car access more difficult. | J40: 1 | K40: Reduces resilience and likely to have significant effect on emergency services in current locations | L40: -2 | M40: Improves safety for pedestrians | N40: 1 | O40: Supports vibrant centre, improves town centre environment | P40: 2 | T40: $5-$50m | U40: =IF(T40=0,,(IF(T40='Scaling system'!$F$3,0,(IF(T40='Scaling system'!$F$4,-1,IF(T40='Scaling system'!$F$5,-2,IF(T40='Scaling system'!$F$6,-3))))))) -> -2 | AB40: With intersection changes, likely to be a substantial investment | AC40: -2 | AF40: Redirecting traffic to other streets and making changes will be challenging. | AG40: -2 | AH40: Likely to face some public challenge | AI40: -2 | AJ40: No impact | AK40: 0 | AM40: Positive social impacts from improved access, a more vibrant CBD | AN40: 1 | AO40: Common approach to improve environmental conditions in traffic dominated CBD areas | AP40: 2 | AV40: =H40+J40+L40+N40+P40 -> 0 | AW40: =S40 -> 0 | AX40: =U40+AC40+W40+Y40+AA40 -> -4 | AY40: =AG40+AI40+AK40 -> -4 | AZ40: =AN40+AP40 -> 3 | BA40: =SUM(AV40:AZ40) -> -5 | BC40: Park | BD40: Difficult to consider progressing this option while all emergency services rely heavily on Victoria Street for rapid access. Note that a number of ideas do consider increasing the place-based function of streets through the town centre and these will be considered as transport options are developed.
A41: BEST USE OF EXISTING NETWORK CONT… | B41: CBD / Town centre cont… | C41: Upgrade Cambridge CBD | D41: The ideas submitted related to reducing traffic in the CBD, improving footpaths and ambulance services, so this can be removed as is captured in other idea lines. | E41: =BA41 -> 0 | U41: =IF(T41=0,,(IF(T41='Scaling system'!$F$3,0,(IF(T41='Scaling system'!$F$4,-1,IF(T41='Scaling system'!$F$5,-2,IF(T41='Scaling system'!$F$6,-3))))))) -> 0 | AV41: =H41+J41+L41+N41+P41 -> 0 | AW41: =S41 -> 0 | AX41: =U41+AC41+W41+Y41+AA41 -> 0 | AY41: =AG41+AI41+AK41 -> 0 | AZ41: =AN41+AP41 -> 0 | BA41: =SUM(AV41:AZ41) -> 0 | BC41: Park | BD41: This idea is captured in other options with more specificity (refer rows 36-39 and 42)
C42: Improve connections between Lakewood and CBD | D42: Improve vehicle and pedestrian access into Lakewood from Lake and Queen Streets, e.g. traffic signals at Lake and Queen Streets or similar. | E42: =BA42 -> -2 | G42: No change | H42: 0 | I42: Improves access to an economic destination | J42: 1 | K42: No change | L42: 0 | M42: Safety improvement for pedestrians and turning traffic | N42: 1 | O42: No change | P42: 0 | T42: $1-$5m | U42: =IF(T42=0,,(IF(T42='Scaling system'!$F$3,0,(IF(T42='Scaling system'!$F$4,-1,IF(T42='Scaling system'!$F$5,-2,IF(T42='Scaling system'!$F$6,-3))))))) -> -1 | AB42: Smaller investment level, can change in future | AC42: -1 | AF42: Changing intersection and pedestrian facilities in existing environment challenging. | AG42: -2 | AH42: No RMA consents required, but some impacts on adjacent property in terms of access. | AI42: -1 | AJ42: No impact | AK42: 0 | AM42: Minor positive social impacts from improved access, a more vibrant CBD | AN42: 1 | AO42: No impact | AP42: 0 | AV42: =H42+J42+L42+N42+P42 -> 2 | AW42: =S42 -> 0 | AX42: =U42+AC42+W42+Y42+AA42 -> -2 | AY42: =AG42+AI42+AK42 -> -3 | AZ42: =AN42+AP42 -> 1 | BA42: =SUM(AV42:AZ42) -> -2 | BC42: Progress | BD42: Progress to shortlist consideration.
B43: Corridor improvements | C43: Develop one way system | D43: Make Victoria Bridge one way for south bound only traffic and make Duke Street and Queen Street the Primary entrance points to the CBD. | E43: =BA43 -> -7 | G43: Provided the Shakespeare Street bridge and alternate routes have adequate capacity, a one way system could reduce congestion and improve trip reliability | H43: 1 | I43: A one way system will invariably increase travel distances to circulate around rather than direct access from both directions | J43: -1 | K43: May reduce resilience if an incident blocks a lane and rerouting of traffic against the one way system is not possible. | L43: -1 | M43: One way systems do have to be carefully engineered otherwise they create crash risk where drivers turn into oncoming traffic | N43: -1 | O43: A reduction in traffic on Victoria Street would improve conditions and reduce environmental impacts | P43: 1 | T43: $5-$50m | U43: =IF(T43=0,,(IF(T43='Scaling system'!$F$3,0,(IF(T43='Scaling system'!$F$4,-1,IF(T43='Scaling system'!$F$5,-2,IF(T43='Scaling system'!$F$6,-3))))))) -> -2 | AB43: Wide spread change impacts, not easily rolled back. | AC43: -1 | AF43: Requires careful design of roadways and property access to maintain safety for all road users. | AG43: -2 | AH43: Legislative and public consultation process to make a change | AI43: -1 | AJ43: Potential impact on road user safety | AK43: -1 | AM43: Potential to reallocate road use space for good social outcomes | AN43: 1 | AO43: Reduced traffic impacts on Victoria Street but balancing impacts of increased traffic on the alternate route | AP43: 0 | AV43: =H43+J43+L43+N43+P43 -> -1 | AW43: =S43 -> 0 | AX43: =U43+AC43+W43+Y43+AA43 -> -3 | AY43: =AG43+AI43+AK43 -> -4 | AZ43: =AN43+AP43 -> 1 | BA43: =SUM(AV43:AZ43) -> -7 | BC43: Progress | BD43: While there are a number of negatives, a one way system combined with the right additional network capacity changes could still produce a good outcome for the CBD area, public transport and micro-mobility.
C44: Improve Kaipaki corridor | D44: Make the Kaipaki Road corridor more attractive for commuting to Hamilton to ease pressure on existing bridge crossings. | E44: =BA44 -> -1 | G44: Ability to reduce congestion and add to freight connectivity | H44: 1 | I44: Improves access to Hamilton for hospital, jobs. | J44: 1 | K44: Route is available now as a resilience measure | L44: 0 | M44: Improvements to the route would assist safety as it gets increasing use. | N44: 1 | O44: Takes pressure off existing commuting routes through Cambridge | P44: 1 | T44: $1-$5m | U44: =IF(T44=0,,(IF(T44='Scaling system'!$F$3,0,(IF(T44='Scaling system'!$F$4,-1,IF(T44='Scaling system'!$F$5,-2,IF(T44='Scaling system'!$F$6,-3))))))) -> -1 | AB44: Route remains flexible for change | AC44: 1 | AF44: Potential for significant upgrading if the route needs to accommodate substantial traffic increases | AG44: -2 | AH44: No RMA consents required, but some impacts on adjacent property in terms of additional traffic impacts (noise, etc.) | AI44: -1 | AJ44: Potential impact on road user safety unless adequate improvement investment made. | AK44: -1 | AM44: Impact of additional traffic on Kaipaki community | AN44: -1 | AO44: Limited impacts. Kaipaki Road already a collector road with significant traffic volumes. | AP44: 0 | AV44: =H44+J44+L44+N44+P44 -> 4 | AW44: =S44 -> 0 | AX44: =U44+AC44+W44+Y44+AA44 -> 0 | AY44: =AG44+AI44+AK44 -> -4 | AZ44: =AN44+AP44 -> -1 | BA44: =SUM(AV44:AZ44) -> -1 | BC44: Progress | BD44: Progress to shortlist consideration.
C45: Improve Pope - Cook corridor | D45: Provide additional traffic lanes at intersections or rationalise turns to increase traffic capacity and reduce congestion on this corridor. | E45: =BA45 -> -9 | G45: Improvements to favour traffic throughput could reduce congestion, improve freight flow. | H45: 1 | I45: Likely to make non-car travel more difficult unless combined with walking and cycling improvements and safe crossings. | J45: 0 | K45: No change | L45: 0 | M45: Potential improvement if higher standard pedestrian crossings and cycling facilities also provided | N45: 1 | O45: Providing more capacity and more vehicle travel | P45: -1 | T45: $5-$50m | U45: =IF(T45=0,,(IF(T45='Scaling system'!$F$3,0,(IF(T45='Scaling system'!$F$4,-1,IF(T45='Scaling system'!$F$5,-2,IF(T45='Scaling system'!$F$6,-3))))))) -> -2 | AB45: With intersection changes, likely to be a substantial investment | AC45: -2 | AF45: Potential for significant upgrading if the route needs to accommodate substantial traffic increases | AG45: -2 | AH45: Land purchase and RMA consenting likely | AI45: -2 | AJ45: Requires improvement investment for non-vehicle users to maintain safety with increasing traffic volumes. | AK45: 0 | AM45: Makes provision to increase traffic volumes in an area where residents already sensitive to traffic | AN45: -1 | AO45: Increase to existing impacts | AP45: -1 | AV45: =H45+J45+L45+N45+P45 -> 1 | AW45: =S45 -> 0 | AX45: =U45+AC45+W45+Y45+AA45 -> -4 | AY45: =AG45+AI45+AK45 -> -4 | AZ45: =AN45+AP45 -> -2 | BA45: =SUM(AV45:AZ45) -> -9 | BC45: Progress | BD45: Reduction to congestion is possible but an improvement project requires a wider focus than just increasing throughput, to enable a balance on other community concerns.
C46: Improve Shakespeare corridor | D46: Improve safety and traffic capacity on this road as part of a route of existing roads which diverts traffic including trucks around the CBD. | E46: =BA46 -> -9 | G46: Improvements to favour traffic throughput could reduce congestion, improve freight flow. | H46: 1 | I46: Likely to make non-car travel more difficult unless combined with walking and cycling improvements and safe crossings. | J46: 0 | K46: No change | L46: 0 | M46: Potential improvement if higher standard pedestrian crossings and cycling facilities also provided | N46: 1 | O46: Providing more capacity and more vehicle travel | P46: -1 | T46: $5-$50m | U46: =IF(T46=0,,(IF(T46='Scaling system'!$F$3,0,(IF(T46='Scaling system'!$F$4,-1,IF(T46='Scaling system'!$F$5,-2,IF(T46='Scaling system'!$F$6,-3))))))) -> -2 | AB46: With intersection changes, likely to be a substantial investment | AC46: -2 | AF46: Potential for significant upgrading if the route needs to accommodate substantial traffic increases | AG46: -2 | AH46: Land purchase and RMA consenting likely | AI46: -2 | AJ46: Requires improvement investment for non-vehicle users to maintain safety with increasing traffic volumes. | AK46: 0 | AM46: Makes provision to increase traffic volumes in an area where residents already sensitive to traffic | AN46: -1 | AO46: Increase to existing impacts | AP46: -1 | AV46: =H46+J46+L46+N46+P46 -> 1 | AW46: =S46 -> 0 | AX46: =U46+AC46+W46+Y46+AA46 -> -4 | AY46: =AG46+AI46+AK46 -> -4 | AZ46: =AN46+AP46 -> -2 | BA46: =SUM(AV46:AZ46) -> -9 | BC46: Progress | BD46: Reduction to congestion is possible but an improvement project requires a wider focus than just increasing throughput, to enable a balance on other community concerns.
C47: Improve Thornton corridor | D47: Improve safety and traffic capacity on this road by closing off some problematic intersections or turns. | E47: =BA47 -> 0 | G47: Reduce congestion, support growth | H47: 1 | I47: Provides opportunity to improve access to schools, recreation | J47: 1 | K47: May reduce connectivity and resilience when incidents close roads | L47: -1 | M47: Potential improvement if higher standard pedestrian crossings and cycling facilities also provided | N47: 1 | O47: No change | P47: 0 | T47: $1-$5m | U47: =IF(T47=0,,(IF(T47='Scaling system'!$F$3,0,(IF(T47='Scaling system'!$F$4,-1,IF(T47='Scaling system'!$F$5,-2,IF(T47='Scaling system'!$F$6,-3))))))) -> -1 | AB47: Potential for lower cost trials before permanent changes | AC47: 1 | AF47: Potential for significant upgrading if the route needs to accommodate substantial traffic increases | AG47: -2 | AH47: Legislative and public consultation process to make a change | AI47: -1 | AJ47: No impact | AK47: 0 | AM47: Minor positive social impacts from improved access to key destinations and opportunity to reinforce cultural importance of Te Kooutu | AN47: 1 | AO47: No impact | AP47: 0 | AV47: =H47+J47+L47+N47+P47 -> 2 | AW47: =S47 -> 0 | AX47: =U47+AC47+W47+Y47+AA47 -> 0 | AY47: =AG47+AI47+AK47 -> -3 | AZ47: =AN47+AP47 -> 1 | BA47: =SUM(AV47:AZ47) -> 0 | BC47: Progress | BD47: Progress to shortlist consideration.
C48: Improve Tirau - Albert - Queen corridor | D48: Improve safety and traffic capacity on this road as part of a route of existing roads which diverts traffic including trucks around the CBD. | E48: =BA48 -> -9 | G48: Additional capacity will reduce congestion and enable planned growth | H48: 2 | I48: Likely to make non-car travel more difficult unless combined with walking and cycling improvements and safe crossings. | J48: -1 | K48: No change | L48: 0 | M48: Potential improvement if higher standard pedestrian crossings and cycling facilities also provided | N48: 1 | O48: Providing more capacity and more vehicle travel | P48: -1 | T48: $50m+ | U48: =IF(T48=0,,(IF(T48='Scaling system'!$F$3,0,(IF(T48='Scaling system'!$F$4,-1,IF(T48='Scaling system'!$F$5,-2,IF(T48='Scaling system'!$F$6,-3))))))) -> -3 | AB48: With intersection changes, likely to be a substantial investment | AC48: -2 | AF48: Potential for significant upgrading if the route needs to accommodate substantial traffic increases | AG48: -2 | AH48: Land purchase and RMA consenting likely | AI48: -2 | AJ48: Requires improvement investment for non-vehicle users to maintain safety with increasing traffic volumes. | AK48: 0 | AM48: No impact | AN48: 0 | AO48: Increase to existing impacts | AP48: -1 | AV48: =H48+J48+L48+N48+P48 -> 1 | AW48: =S48 -> 0 | AX48: =U48+AC48+W48+Y48+AA48 -> -5 | AY48: =AG48+AI48+AK48 -> -4 | AZ48: =AN48+AP48 -> -1 | BA48: =SUM(AV48:AZ48) -> -9 | BC48: Progress | BD48: Reduction to congestion is possible but an improvement project requires a wider focus than just increasing throughput, to enable a balance on other community concerns.
A49: BEST USE OF EXISTING NETWORK CONT… | B49: Corridor improvements cont… | C49: Improve Victoria corridor to Hautapu | D49: Capacity and safety improvements on Victoria Road from Hamilton to Hautapu. | E49: =BA49 -> 3 | G49: Additional capacity will reduce congestion and enable the planned growth in northern Cambridge and Hautapu | H49: 3 | I49: Improved access to key destinations by car | J49: 2 | K49: Additional corridor lanes will reduce risk of full closures, and improve ability to recover | L49: 2 | M49: Reduced DSIs through reduced conflict points between modes | N49: 2 | O49: Reduce car congestion, and therefore emissions | P49: 1 | T49: $50m+ | U49: =IF(T49=0,,(IF(T49='Scaling system'!$F$3,0,(IF(T49='Scaling system'!$F$4,-1,IF(T49='Scaling system'!$F$5,-2,IF(T49='Scaling system'!$F$6,-3))))))) -> -3 | AB49: Hard infrastructure is less flexible to change, but road space can be reallocated between modes | AC49: 1 | AF49: Capacity improvements will likely require kerb and service relocations which are complex, and property take at locations, all of which is fairly common. No specialist skills needed. | AG49: -2 | AH49: Land take likely in places to widen the corridor | AI49: -2 | AJ49: Safety in Design for new infrastructure. | AK49: 0 | AM49: Improved access by car to key destinations and services for the community | AN49: 1 | AO49: Likely to increase car VKT and therefore emissions | AP49: -2 | AV49: =H49+J49+L49+N49+P49 -> 10 | AW49: =S49 -> 0 | AX49: =U49+AC49+W49+Y49+AA49 -> -2 | AY49: =AG49+AI49+AK49 -> -4 | AZ49: =AN49+AP49 -> -1 | BA49: =SUM(AV49:AZ49) -> 3 | BC49: Progress | BD49: Progress to shortlist consideration.
C50: Improve Wilson - Duke - Bryce corridor | D50: Remove traffic calming so more traffic can be diverted around the CBD and the route is more suitable for emergency services. | E50: =BA50 -> -9 | G50: Improvements to favour traffic throughput could reduce congestion, improve freight flow. | H50: 1 | I50: Favours traffic flow over access to schools | J50: -1 | K50: Provides additional car traffic and emergency services routing | L50: 1 | M50: Would require different engineering to maintain safe paths, crossings and safe speeds. | N50: 0 | O50: Providing more capacity and more vehicle travel | P50: -1 | T50: $1-$5m | U50: =IF(T50=0,,(IF(T50='Scaling system'!$F$3,0,(IF(T50='Scaling system'!$F$4,-1,IF(T50='Scaling system'!$F$5,-2,IF(T50='Scaling system'!$F$6,-3))))))) -> -1 | AB50: Locks in higher traffic volumes | AC50: -1 | AF50: Some challenges to increase traffic flows on this route while still providing for commercial zone and school. Likely to include multiple traffic signal installations. | AG50: -2 | AH50: No RMA consents required, but impacts on adjacent property and school with increased traffic and average speeds | AI50: -2 | AJ50: Potential impact on road user safety unless adequate improvement investment made. | AK50: -1 | AM50: Impacts of additional traffic and traffic speeds near school and retirement homes partly offset by more efficient emergency service responses | AN50: -1 | AO50: Favours vehicle traffic priority in a sensitive commercial and residential area. | AP50: -1 | AV50: =H50+J50+L50+N50+P50 -> 0 | AW50: =S50 -> 0 | AX50: =U50+AC50+W50+Y50+AA50 -> -2 | AY50: =AG50+AI50+AK50 -> -5 | AZ50: =AN50+AP50 -> -2 | BA50: =SUM(AV50:AZ50) -> -9 | BC50: Progress | BD50: Reduction to congestion is possible but an improvement project requires a wider focus than just increasing throughput, to enable a balance on other community concerns.
C51: Improve Wordsworth corridor | D51: Widen Wordsworth Street from Pope Terrace to Shakespeare Street including new intersections so that some traffic is diverted away from the end of the Victoria bridge. | E51: =BA51 -> -5 | G51: Ease a congestion pinch point | H51: 2 | I51: Improved access to river crossing and CBD for all users | J51: 2 | K51: Potential to split traffic across two routes and improve resilience | L51: 1 | M51: Splitting traffic flows allows better walking and cycling access and road crossings | N51: 1 | O51: Positive impact on Pope and Cook Street with reduced traffic but additional traffic impacts transferred to Wordsworth Street residents. | P51: -2 | T51: $5-$50m | U51: =IF(T51=0,,(IF(T51='Scaling system'!$F$3,0,(IF(T51='Scaling system'!$F$4,-1,IF(T51='Scaling system'!$F$5,-2,IF(T51='Scaling system'!$F$6,-3))))))) -> -2 | AB51: With intersection changes, likely to be a substantial investment | AC51: -2 | AF51: The vertical alignment and existing intersections and property accesses on Wordsworth likely to present some challenges. | AG51: -2 | AH51: Some RMA consenting and property impacts to resolve. | AI51: -1 | AJ51: Requires improvement investment for non-vehicle users to maintain safety with increasing traffic volumes. | AK51: 0 | AM51: Makes provision to increase traffic volumes in an area where residents already sensitive to traffic | AN51: -1 | AO51: Increase to existing impacts | AP51: -1 | AV51: =H51+J51+L51+N51+P51 -> 4 | AW51: =S51 -> 0 | AX51: =U51+AC51+W51+Y51+AA51 -> -4 | AY51: =AG51+AI51+AK51 -> -3 | AZ51: =AN51+AP51 -> -2 | BA51: =SUM(AV51:AZ51) -> -5 | BC51: Progress | BD51: Reduction to congestion is possible but an improvement project requires a wider focus than just increasing throughput, to enable a balance on other community concerns.
C52: Increase speed limits on appropriate roads | D52: Remove some traffic calming in town and increase speed limits at edge of town where land is mostly rural. | E52: =BA52 -> -4 | G52: Improvements to favour traffic throughput could reduce congestion, improve freight flow. | H52: 1 | I52: Improves vehicle access with minor effect on walking and cycling access | J52: 0 | K52: No effect on resilience | L52: 0 | M52: Likely to increase risk to vulnerable road users | N52: -2 | O52: Increased speed is mostly viewed as a negative impact on adjacent urban community | P52: -1 | T52: < $1m | U52: =IF(T52=0,,(IF(T52='Scaling system'!$F$3,0,(IF(T52='Scaling system'!$F$4,-1,IF(T52='Scaling system'!$F$5,-2,IF(T52='Scaling system'!$F$6,-3))))))) -> 0 | AB52: Low cost changes that are flexible | AC52: 1 | AF52: Common technical approach available | AG52: 0 | AH52: No RMA consents required, but minor impacts on adjacent property with increased traffic and average speeds | AI52: -1 | AJ52: Potential impact on road user safety unless adequate improvement investment made. | AK52: -1 | AM52: Speed increases in urban environment mostly considered a negative social impact | AN52: -1 | AO52: No effect | AP52: 0 | AV52: =H52+J52+L52+N52+P52 -> -2 | AW52: =S52 -> 0 | AX52: =U52+AC52+W52+Y52+AA52 -> 1 | AY52: =AG52+AI52+AK52 -> -2 | AZ52: =AN52+AP52 -> -1 | BA52: =SUM(AV52:AZ52) -> -4 | BC52: Progress | BD52: As part of network function some roads should retain higher speed limits. Network and speed limit reviews can be used to adjust speeds where necessary.
B53: Intersection improvements | C53: Intersection improvement - Cook / Victoria | D53: This small roundabout at the end of the Victoria Bridge is congested at peak times and has poor facilities for pedestrians and cyclists to cross. Improvement could aid flow and safety as part of a wider network plan. | E53: =BA53 -> -1 | G53: Ease a congestion pinch point | H53: 2 | I53: Improved access to river crossing and CBD for all users | J53: 2 | K53: Reduces vulnerability to crash events | L53: 1 | M53: Able to improve safety for pedestrians and cyclists | N53: 1 | O53: Likely to increase vehicle use, but offset by greater ease of walk/cycle access | P53: 0 | T53: $1-$5m | U53: =IF(T53=0,,(IF(T53='Scaling system'!$F$3,0,(IF(T53='Scaling system'!$F$4,-1,IF(T53='Scaling system'!$F$5,-2,IF(T53='Scaling system'!$F$6,-3))))))) -> -1 | AB53: Reasonable investment in traffic capacity | AC53: -1 | AF53: Bespoke design for unusual road/ bridge connection | AG53: -3 | AH53: Some RMA consenting and property impacts to resolve. | AI53: -1 | AJ53: Safety in Design for new infrastructure. | AK53: 0 | AM53: Makes provision to increase traffic volumes in an area where residents already sensitive to traffic | AN53: -1 | AO53: Increase to existing vehicle impacts, partly offset by improved active mode access | AP53: 0 | AV53: =H53+J53+L53+N53+P53 -> 6 | AW53: =S53 -> 0 | AX53: =U53+AC53+W53+Y53+AA53 -> -2 | AY53: =AG53+AI53+AK53 -> -4 | AZ53: =AN53+AP53 -> -1 | BA53: =SUM(AV53:AZ53) -> -1 | BC53: Progress | BD53: Progress to shortlist consideration.
C54: Intersection improvement - Duke / Albert / Williamson | D54: Change the form of this unusual intersection which is difficult for right turns. This would allow better access to the CBD and civic pool complex. | E54: =BA54 -> 2 | G54: Ease a congestion pinch point | H54: 2 | I54: Improved access to CBD and pool complex for all users | J54: 2 | K54: Reduces vulnerability to crash events | L54: 1 | M54: Able to improve safety for pedestrians and cyclists | N54: 2 | O54: Likely to increase vehicle use, but offset by greater ease of walk/cycle access | P54: 0 | T54: $1-$5m | U54: =IF(T54=0,,(IF(T54='Scaling system'!$F$3,0,(IF(T54='Scaling system'!$F$4,-1,IF(T54='Scaling system'!$F$5,-2,IF(T54='Scaling system'!$F$6,-3))))))) -> -1 | AB54: Reasonable investment in traffic capacity | AC54: -1 | AF54: Bespoke design for unusual road intersections on a slope and curve | AG54: -3 | AH54: Some RMA consenting and property impacts to resolve. | AI54: -1 | AJ54: Safety in Design for new infrastructure. | AK54: 0 | AM54: Limited residential impact, likely mostly an improvement | AN54: 1 | AO54: Increase to existing vehicle impacts, partly offset by improved active mode access | AP54: 0 | AV54: =H54+J54+L54+N54+P54 -> 7 | AW54: =S54 -> 0 | AX54: =U54+AC54+W54+Y54+AA54 -> -2 | AY54: =AG54+AI54+AK54 -> -4 | AZ54: =AN54+AP54 -> 1 | BA54: =SUM(AV54:AZ54) -> 2 | BC54: Progress | BD54: Progress to shortlist consideration.
C55: Intersection improvement - Hamilton / Victoria | D55: Single lane roundabout has unbalanced flows at peak times and this along with downstream intersections contribute to congestion. | E55: =BA55 -> 3 | G55: Ease a congestion pinch point | H55: 2 | I55: Key access to CBD, key bus route, key pedestrian and cyclist route | J55: 3 | K55: Reduces vulnerability to crash events | L55: 1 | M55: Able to improve safety for pedestrians and cyclists | N55: 2 | O55: Reduction in congestion and improved walking and cycling would be seen as positive here | P55: 1 | T55: $1-$5m | U55: =IF(T55=0,,(IF(T55='Scaling system'!$F$3,0,(IF(T55='Scaling system'!$F$4,-1,IF(T55='Scaling system'!$F$5,-2,IF(T55='Scaling system'!$F$6,-3))))))) -> -1 | AB55: Reasonable investment in traffic capacity | AC55: -1 | AF55: Constrained land area and park area to work within. | AG55: -2 | AH55: Some RMA consenting, large specimen tree and property impacts to resolve. | AI55: -1 | AJ55: Safety in Design for new infrastructure. | AK55: 0 | AM55: Adjacent to Lake Te Kooutu, sensitive cultural site | AN55: -1 | AO55: Increase to existing vehicle impacts, partly offset by improved active mode access | AP55: 0 | AV55: =H55+J55+L55+N55+P55 -> 9 | AW55: =S55 -> 0 | AX55: =U55+AC55+W55+Y55+AA55 -> -2 | AY55: =AG55+AI55+AK55 -> -3 | AZ55: =AN55+AP55 -> -1 | BA55: =SUM(AV55:AZ55) -> 3 | BC55: Progress | BD55: Cannot be considered in isolation, needs to be in tandem with Victoria Thornton and Victoria Queen intersections and links to ensure investment delivers congestion relief.
C56: Intersection improvement - Hamilton / Vogel | D56: Cross roads intersection serving significant town belt development including sports fields and Resthaven retirement village. | E56: =BA56 -> 4 | G56: Provide for reliable transport routes supporting growth | H56: 1 | I56: Improves access to recreation sites and growth areas (future connection to C1 commercial/ residential) | J56: 2 | K56: Reduces vulnerability to crash events, provides additional north-south route in combination with C1 development | L56: 1 | M56: Able to improve safety for traffic and pedestrians and cyclists | N56: 2 | O56: Likely to increase vehicle use, but offset by greater ease of walk/cycle access | P56: 0 | T56: $1-$5m | U56: =IF(T56=0,,(IF(T56='Scaling system'!$F$3,0,(IF(T56='Scaling system'!$F$4,-1,IF(T56='Scaling system'!$F$5,-2,IF(T56='Scaling system'!$F$6,-3))))))) -> -1 | AB56: Reasonable investment in traffic capacity | AC56: -1 | AF56: Requires careful design of intersection and property access to maintain safety for all road users. | AG56: -1 | AH56: Traffic signals able to be retrofit with minimal impact | AI56: 0 | AJ56: Safety in Design for new infrastructure. | AK56: 0 | AM56: Limited residential impact, likely mostly an improvement | AN56: 1 | AO56: Increase to existing vehicle impacts, partly offset by improved active mode access | AP56: 0 | AV56: =H56+J56+L56+N56+P56 -> 6 | AW56: =S56 -> 0 | AX56: =U56+AC56+W56+Y56+AA56 -> -2 | AY56: =AG56+AI56+AK56 -> -1 | AZ56: =AN56+AP56 -> 1 | BA56: =SUM(AV56:AZ56) -> 4 | BC56: Progress | BD56: Progress to shortlist consideration
A57: BEST USE OF EXISTING NETWORK CONT… | B57: Intersection improvements cont… | C57: Intersection improvement - Lake / Queen | D57: Cross roads intersection providing access to Lakewood and CBD. Current intersection form limits right turns at peak times. Traffic signals are only real option. | E57: =BA57 -> -2 | G57: Traffic signals would negatively impact Queen Street traffic flow at peak times, leading to increased congestion. | H57: -1 | I57: Improves access to CBD and Lakewood commercial development. | J57: 1 | K57: No effect on resilience | L57: 0 | M57: Would replace adjacent zebra crossing and provide improved safety for traffic turns | N57: 1 | O57: Likely to increase vehicle use, but offset by greater ease of walk/cycle access | P57: 0 | T57: $1-$5m | U57: =IF(T57=0,,(IF(T57='Scaling system'!$F$3,0,(IF(T57='Scaling system'!$F$4,-1,IF(T57='Scaling system'!$F$5,-2,IF(T57='Scaling system'!$F$6,-3))))))) -> -1 | AB57: Reasonable investment in traffic capacity | AC57: -1 | AF57: Very close to Victoria/Queen intersection so would have to be coordinated with signals at that intersection to avoid increasing congestion | AG57: -2 | AH57: Traffic signals able to be retrofit with minimal impact | AI57: 0 | AJ57: Safety in Design for new infrastructure. | AK57: 0 | AM57: Limited residential impact, likely mostly an improvement | AN57: 1 | AO57: Increase to existing vehicle impacts, partly offset by improved active mode access | AP57: 0 | AV57: =H57+J57+L57+N57+P57 -> 1 | AW57: =S57 -> 0 | AX57: =U57+AC57+W57+Y57+AA57 -> -2 | AY57: =AG57+AI57+AK57 -> -2 | AZ57: =AN57+AP57 -> 1 | BA57: =SUM(AV57:AZ57) -> -2 | BC57: Progress | BD57: Needs to be considered with the corridor from Queen Street to Victoria and Hamilton Road to ensure intersections and links deliver congestion relief.
C58: Intersection improvement - Queen / Albert | D58: Cross road intersection facing increased congestion and a risk of crashes. A roundabout or traffic signals could resolve. | E58: =BA58 -> 0 | G58: Major traffic and freight route can be improved | H58: 2 | I58: Improves access to Carters Flat commercial and industrial zone, but also Lake Te Kooutu | J58: 2 | K58: Reduces vulnerability to crash events, provides easier north-south route to northern growth areas. | L58: 1 | M58: Able to improve safety for traffic and pedestrians and cyclists | N58: 2 | O58: Likely to increase vehicle use, but offset by greater ease of walk/cycle access | P58: 0 | T58: $5-$50m | U58: =IF(T58=0,,(IF(T58='Scaling system'!$F$3,0,(IF(T58='Scaling system'!$F$4,-1,IF(T58='Scaling system'!$F$5,-2,IF(T58='Scaling system'!$F$6,-3))))))) -> -2 | AB58: Reasonable investment in traffic capacity | AC58: -1 | AF58: Bespoke design for unusual road intersections on a slope and curve, with predominant flow on two legs of the intersection | AG58: -2 | AH58: Some RMA consenting and property impacts to resolve. | AI58: -1 | AJ58: Safety in Design for new infrastructure. | AK58: 0 | AM58: Adjacent to Lake Te Kooutu, sensitive cultural site | AN58: -1 | AO58: Increase to existing vehicle impacts, partly offset by improved active mode access | AP58: 0 | AV58: =H58+J58+L58+N58+P58 -> 7 | AW58: =S58 -> 0 | AX58: =U58+AC58+W58+Y58+AA58 -> -3 | AY58: =AG58+AI58+AK58 -> -3 | AZ58: =AN58+AP58 -> -1 | BA58: =SUM(AV58:AZ58) -> 0 | BC58: Progress | BD58: Progress to shortlist consideration.
C59: Intersection improvement - Shakespeare / Cook | D59: Existing single lane roundabout has poor walking and cycling crossings. Currently adequate capacity but will become congested with projected growth. | E59: =BA59 -> 3 | G59: Major traffic and freight route can be improved | H59: 2 | I59: Key access to Leamington CBD, key bus route, key pedestrian and cyclist route | J59: 3 | K59: Reduces vulnerability to crash events | L59: 1 | M59: Able to improve safety for pedestrians and cyclists | N59: 2 | O59: Likely to increase vehicle use, but offset by greater ease of walk/cycle access | P59: 0 | T59: $1-$5m | U59: =IF(T59=0,,(IF(T59='Scaling system'!$F$3,0,(IF(T59='Scaling system'!$F$4,-1,IF(T59='Scaling system'!$F$5,-2,IF(T59='Scaling system'!$F$6,-3))))))) -> -1 | AB59: Reasonable investment in traffic capacity | AC59: -1 | AF59: Requires careful design of intersection and property access to maintain safety for all road users. | AG59: -2 | AH59: Traffic signals able to be retrofit with minimal impact | AI59: 0 | AJ59: Safety in Design for new infrastructure. | AK59: 0 | AM59: Makes provision to increase traffic volumes in an area where residents already sensitive to traffic | AN59: -1 | AO59: Increase to existing impacts, offset by improved ease for buses and active users. | AP59: 0 | AV59: =H59+J59+L59+N59+P59 -> 8 | AW59: =S59 -> 0 | AX59: =U59+AC59+W59+Y59+AA59 -> -2 | AY59: =AG59+AI59+AK59 -> -2 | AZ59: =AN59+AP59 -> -1 | BA59: =SUM(AV59:AZ59) -> 3 | BC59: Progress | BD59: Progress to shortlist consideration
C60: Intersection improvement - Shakespeare / Tirau | D60: Existing single lane roundabout has unusual form and slip lane. Currently adequate capacity but will become congested with projected growth. | E60: =BA60 -> 0 | G60: Major traffic and freight route can be improved | H60: 2 | I60: Key access to Leamington, key bus route, minor pedestrian and cyclist route | J60: 3 | K60: Reduces vulnerability to crash events | L60: 1 | M60: Able to improve safety for traffic | N60: 1 | O60: Likely to increase vehicle use. | P60: -1 | T60: $1-$5m | U60: =IF(T60=0,,(IF(T60='Scaling system'!$F$3,0,(IF(T60='Scaling system'!$F$4,-1,IF(T60='Scaling system'!$F$5,-2,IF(T60='Scaling system'!$F$6,-3))))))) -> -1 | AB60: Reasonable investment in traffic capacity | AC60: -1 | AF60: Large roundabout or signals are some options for increased capacity. Presence of river, bridge and land form would require careful design. | AG60: -1 | AH60: Some RMA consenting stormwater discharge | AI60: -1 | AJ60: Safety in Design for new infrastructure. | AK60: 0 | AM60: Adjacent to Waikato River | AN60: -1 | AO60: Increase to existing impacts | AP60: -1 | AV60: =H60+J60+L60+N60+P60 -> 6 | AW60: =S60 -> 0 | AX60: =U60+AC60+W60+Y60+AA60 -> -2 | AY60: =AG60+AI60+AK60 -> -2 | AZ60: =AN60+AP60 -> -2 | BA60: =SUM(AV60:AZ60) -> 0 | BC60: Progress | BD60: Progress to shortlist consideration.
C61: Intersection improvement - Thornton / Victoria | D61: Current "T intersection" congested at peak hours and strongly linked to Victoria/Hamilton intersection operation. | E61: =BA61 -> 3 | G61: Major traffic and freight route can be improved | H61: 2 | I61: Key access to schools, key pedestrian and cyclist route and Lake Te Kooutu | J61: 3 | K61: Reduces vulnerability to crash events | L61: 1 | M61: Able to improve safety for pedestrians and cyclists | N61: 2 | O61: Reduction in congestion and improved walking and cycling would be seen as positive here | P61: 1 | T61: $1-$5m | U61: =IF(T61=0,,(IF(T61='Scaling system'!$F$3,0,(IF(T61='Scaling system'!$F$4,-1,IF(T61='Scaling system'!$F$5,-2,IF(T61='Scaling system'!$F$6,-3))))))) -> -1 | AB61: Reasonable investment in traffic capacity | AC61: -1 | AF61: Close proimity to Victoria Hamilton intersection requires coordination between the two. | AG61: -2 | AH61: Some RMA consenting, archaeology, stormwater discharge | AI61: -1 | AJ61: Safety in Design for new infrastructure. | AK61: 0 | AM61: Adjacent to Lake Te Kooutu, sensitive cultural site | AN61: -1 | AO61: Increase to existing vehicle impacts, partly offset by improved active mode access | AP61: 0 | AV61: =H61+J61+L61+N61+P61 -> 9 | AW61: =S61 -> 0 | AX61: =U61+AC61+W61+Y61+AA61 -> -2 | AY61: =AG61+AI61+AK61 -> -3 | AZ61: =AN61+AP61 -> -1 | BA61: =SUM(AV61:AZ61) -> 3 | BC61: Progress | BD61: Cannot be considered in isolation, needs to be in tandem with Victoria Hamilton and Victoria Queen intersections and links to ensure investment delivers congestion relief.
C62: Intersection improvement - Victoria / Taylor | D62: Cross road intersection facing increased congestion and risk of crashes. Traffic signals could resolve. | E62: =BA62 -> 4 | G62: Major traffic and freight route can be improved | H62: 2 | I62: Key access to Town belt sports clubs and major high school | J62: 3 | K62: Reduces vulnerability to crash events | L62: 1 | M62: Able to improve safety for pedestrians and cyclists | N62: 3 | O62: Reduction in congestion and improved walking and cycling would be seen as positive here | P62: 1 | T62: $1-$5m | U62: =IF(T62=0,,(IF(T62='Scaling system'!$F$3,0,(IF(T62='Scaling system'!$F$4,-1,IF(T62='Scaling system'!$F$5,-2,IF(T62='Scaling system'!$F$6,-3))))))) -> -1 | AB62: Reasonable investment in traffic capacity | AC62: -1 | AF62: Adjacent Laurent and Victoria East intersections will make the design bespoke and more challenging | AG62: -2 | AH62: Some property impacts likely and must work around railway designation | AI62: -1 | AJ62: Safety in Design for new infrastructure. | AK62: 0 | AM62: No impact | AN62: 0 | AO62: Increase to existing impacts | AP62: -1 | AV62: =H62+J62+L62+N62+P62 -> 10 | AW62: =S62 -> 0 | AX62: =U62+AC62+W62+Y62+AA62 -> -2 | AY62: =AG62+AI62+AK62 -> -3 | AZ62: =AN62+AP62 -> -1 | BA62: =SUM(AV62:AZ62) -> 4 | BC62: Progress | BD62: Progress to shortlist consideration.
C63: Intersection improvement (general) | D63: Improve maintenance, signage, visibility and ensure appropriate approach traffic speeds so there are safe gaps for drivers to enter intersections. | E63: =BA63 -> 0 | G63: Unlikely to make a difference to congestion or trip reliability. | H63: 0 | I63: No impact | J63: 0 | K63: Reduces vulnerability to crash events | L63: 1 | M63: Able to improve safety for traffic | N63: 1 | O63: No impact | P63: 0 | T63: $1-$5m | U63: =IF(T63=0,,(IF(T63='Scaling system'!$F$3,0,(IF(T63='Scaling system'!$F$4,-1,IF(T63='Scaling system'!$F$5,-2,IF(T63='Scaling system'!$F$6,-3))))))) -> -1 | AB63: Low investment, flexible | AC63: 0 | AF63: A tool kit of options is available to treat hazardous intersections (roundabouts, traffic islands, speed calming etc). Challenge is often fitting these to existing intersections and property access arrangements | AG63: -1 | AH63: No Consenting issues | AI63: 0 | AJ63: BAU approach | AK63: 0 | AM63: No impact | AN63: 0 | AO63: No impact | AP63: 0 | AV63: =H63+J63+L63+N63+P63 -> 2 | AW63: =S63 -> 0 | AX63: =U63+AC63+W63+Y63+AA63 -> -1 | AY63: =AG63+AI63+AK63 -> -1 | AZ63: =AN63+AP63 -> 0 | BA63: =SUM(AV63:AZ63) -> 0 | BC63: Progress | BD63: This could be considered a BAU activity, but included here as potential for incremental improvement in wayfinding and safety if delivered consistently.
C64: Intersection improvement – Lamb / Maungatautari | D64: This Y shaped give way controlled intersection on a corner has a crash history and would benefit from remodelling. | E64: =BA64 -> 2 | G64: Unlikely to make a difference to congestion or trip reliability. | H64: 0 | I64: No impact | J64: 0 | K64: Reduces vulnerability to crash events | L64: 1 | M64: Able to improve safety for traffic | N64: 1 | O64: Lower traffic speeds for adjacent residents | P64: 1 | T64: < $1m | U64: =IF(T64=0,,(IF(T64='Scaling system'!$F$3,0,(IF(T64='Scaling system'!$F$4,-1,IF(T64='Scaling system'!$F$5,-2,IF(T64='Scaling system'!$F$6,-3))))))) -> 0 | AB64: Low investment, flexible | AC64: 0 | AF64: Skewed intersection on a corner in a higher speed rural area. Requires speed reduction and pedestrian connectivity to Te Awa path. | AG64: -1 | AH64: No Consenting issues | AI64: 0 | AJ64: Safety in Design for new infrastructure. | AK64: 0 | AM64: No impact | AN64: 0 | AO64: No impact | AP64: 0 | AV64: =H64+J64+L64+N64+P64 -> 3 | AW64: =S64 -> 0 | AX64: =U64+AC64+W64+Y64+AA64 -> 0 | AY64: =AG64+AI64+AK64 -> -1 | AZ64: =AN64+AP64 -> 0 | BA64: =SUM(AV64:AZ64) -> 2 | BC64: Progress | BD64: Progress to shortlist consideration.
A65: BEST USE OF EXISTING NETWORK CONT… | B65: Intersection improvements cont… | C65: Upgrade roundabouts to traffic signals | D65: This general idea is reflected in the specific intersection upgrades listed above. The need for change is driven by small roundabouts being unable to accommodate volumes of traffic or strong flows in one direction preventing traffic flow from some intersection legs. No further assessment is required. | E65: =BA65 -> 0 | U65: =IF(T65=0,,(IF(T65='Scaling system'!$F$3,0,(IF(T65='Scaling system'!$F$4,-1,IF(T65='Scaling system'!$F$5,-2,IF(T65='Scaling system'!$F$6,-3))))))) -> 0 | AV65: =H65+J65+L65+N65+P65 -> 0 | AW65: =S65 -> 0 | AX65: =U65+AC65+W65+Y65+AA65 -> 0 | AY65: =AG65+AI65+AK65 -> 0 | AZ65: =AN65+AP65 -> 0 | BA65: =SUM(AV65:AZ65) -> 0 | BC65: Park | BD65: This idea is covered by improvements promoted at specific intersections (refer rows 53-64 and 66).
C66: Intersection improvement – Carlyle / Lamb/ Rotoorangi | D66: Cross road intersection facing increased traffic from growth and risk of crashes. Roundabout could resolve. | E66: =BA66 -> 2 | G66: Unlikely to make a difference to congestion or trip reliability. | H66: 0 | I66: Adjacent to Leamington School and town belt activities. Minor access improvement with pedestrian crossings. | J66: 1 | K66: Reduces vulnerability to crash events | L66: 1 | M66: Able to improve safety for traffic, pedestrians and cyclists | N66: 3 | O66: Likely to increase vehicle use, but offset by greater ease of walk/cycle access | P66: 0 | T66: $1-$5m | U66: =IF(T66=0,,(IF(T66='Scaling system'!$F$3,0,(IF(T66='Scaling system'!$F$4,-1,IF(T66='Scaling system'!$F$5,-2,IF(T66='Scaling system'!$F$6,-3))))))) -> -1 | AB66: Reasonable investment in traffic capacity | AC66: -1 | AF66: Cross roads intersection which requires speed reduction, safer turning and pedestrian and cycle connection to adjacent school | AG66: -1 | AH66: No Consenting issues | AI66: 0 | AJ66: Safety in Design for new infrastructure. | AK66: 0 | AM66: No impact | AN66: 0 | AO66: No impact | AP66: 0 | AV66: =H66+J66+L66+N66+P66 -> 5 | AW66: =S66 -> 0 | AX66: =U66+AC66+W66+Y66+AA66 -> -2 | AY66: =AG66+AI66+AK66 -> -1 | AZ66: =AN66+AP66 -> 0 | BA66: =SUM(AV66:AZ66) -> 2 | BC66: Progress | BD66: Progress to shortlist consideration.
B67: Network management | C67: Improve road pavements | D67: Look after the road pavement assets we have across the District equitably. Ensuring that what we have is maintained as a priority. | E67: =BA67 -> 0 | G67: Unlikely to make a difference to congestion or trip reliability. | H67: 0 | I67: No impact | J67: 0 | K67: No impact | L67: 0 | M67: No impact | N67: 0 | O67: No impact | P67: 0 | T67: < $1m | U67: =IF(T67=0,,(IF(T67='Scaling system'!$F$3,0,(IF(T67='Scaling system'!$F$4,-1,IF(T67='Scaling system'!$F$5,-2,IF(T67='Scaling system'!$F$6,-3))))))) -> 0 | AB67: BAU Activity | AC67: 0 | AF67: BAU Activity | AG67: 0 | AH67: BAU Activity | AI67: 0 | AJ67: BAU Activity | AK67: 0 | AM67: No impact | AN67: 0 | AO67: No impact | AP67: 0 | AV67: =H67+J67+L67+N67+P67 -> 0 | AW67: =S67 -> 0 | AX67: =U67+AC67+W67+Y67+AA67 -> 0 | AY67: =AG67+AI67+AK67 -> 0 | AZ67: =AN67+AP67 -> 0 | BA67: =SUM(AV67:AZ67) -> 0 | BC67: Park | BD67: This idea suggests that Cambridge transport improvements should not take the place of business as usual renewal activities. Renewals are a separate activity that will continue and this idea therefore does not need to be carried forward.
C68: Network planning | D68: Ideas here highlight the need for integration of growth and road networks. This is covered under integrated planning, so this idea is not progressed. | E68: =BA68 -> 0 | U68: =IF(T68=0,,(IF(T68='Scaling system'!$F$3,0,(IF(T68='Scaling system'!$F$4,-1,IF(T68='Scaling system'!$F$5,-2,IF(T68='Scaling system'!$F$6,-3))))))) -> 0 | AV68: =H68+J68+L68+N68+P68 -> 0 | AW68: =S68 -> 0 | AX68: =U68+AC68+W68+Y68+AA68 -> 0 | AY68: =AG68+AI68+AK68 -> 0 | AZ68: =AN68+AP68 -> 0 | BA68: =SUM(AV68:AZ68) -> 0 | BC68: Park | BD68: Duplicate of ideas as under integrated planning (refer row 14), no need for this idea to be carried forward.
C69: Plan for new technology (ITS, EVs, freight, driverless vehicles) | D69: Plan for new technology including driverless public transport and vehicles that reduce congestion and parking demand. | E69: =BA69 -> 3 | G69: Potential to improve trip reliability longer term | H69: 1 | I69: Potential to improve ease of access | J69: 1 | K69: Potential to improve resilience | L69: 1 | M69: Potential to improve safety | N69: 1 | O69: Potential to reduce noise, emissions | P69: 1 | T69: < $1m | U69: =IF(T69=0,,(IF(T69='Scaling system'!$F$3,0,(IF(T69='Scaling system'!$F$4,-1,IF(T69='Scaling system'!$F$5,-2,IF(T69='Scaling system'!$F$6,-3))))))) -> 0 | AB69: Unknown cost and value at this early stage | AC69: 0 | AF69: Limited industry guidance as to requirements presently | AG69: -1 | AH69: May require future law change | AI69: -1 | AJ69: Safety in Design for new infrastructure. | AK69: 0 | AM69: Potential for positive impacts but unable to quantify | AN69: 0 | AO69: Potential for positive impacts but unable to quantify | AP69: 0 | AV69: =H69+J69+L69+N69+P69 -> 5 | AW69: =S69 -> 0 | AX69: =U69+AC69+W69+Y69+AA69 -> 0 | AY69: =AG69+AI69+AK69 -> -2 | AZ69: =AN69+AP69 -> 0 | BA69: =SUM(AV69:AZ69) -> 3 | BC69: Progress | BD69: Difficult to know how best to progress this, other than to understand that it will occur, and therefore the Transport plan needs to be flexible to accommodate new technological changes. Infrastructure planning should explore the best knowledge base before committing high costs.
C70: Reduce congestion | D70: This is an outcome of good network management, corridor improvements and managing the right traffic on the right roads. It does not need to be assessed as an idea. Recommendation: Consideration. | E70: =BA70 -> 0 | U70: =IF(T70=0,,(IF(T70='Scaling system'!$F$3,0,(IF(T70='Scaling system'!$F$4,-1,IF(T70='Scaling system'!$F$5,-2,IF(T70='Scaling system'!$F$6,-3))))))) -> 0 | AV70: =H70+J70+L70+N70+P70 -> 0 | AW70: =S70 -> 0 | AX70: =U70+AC70+W70+Y70+AA70 -> 0 | AY70: =AG70+AI70+AK70 -> 0 | AZ70: =AN70+AP70 -> 0 | BA70: =SUM(AV70:AZ70) -> 0 | BC70: Park | BD70: Consideration - Congestion reduction would be considered as part of the Investment Objectives and Cost & Value for Money criteria in the assessment criteria
C71: Remove traffic calming | D71: Prioritise traffic and emergency services access on main roads by removing traffic calming. | E71: =BA71 -> -2 | G71: Reduction in congestion caused by traffic slowing. Improved comfort for freight. | H71: 1 | I71: Easier access by vehicle offset by less easy access for walking/ cycling. | J71: 0 | K71: No impact | L71: 0 | M71: Higher traffic speeds permitted, potentially leading to more injuries. | N71: -1 | O71: Some vehicle noise reduced, offset by higher speeds. | P71: 0 | T71: < $1m | U71: =IF(T71=0,,(IF(T71='Scaling system'!$F$3,0,(IF(T71='Scaling system'!$F$4,-1,IF(T71='Scaling system'!$F$5,-2,IF(T71='Scaling system'!$F$6,-3))))))) -> 0 | AB71: Low cost changes that are flexible | AC71: 0 | AF71: Straight forward to remove speed control measures, but challenging to maintain safety provisions for walking and cycling | AG71: -1 | AH71: No Consenting issues | AI71: 0 | AJ71: Can create new safety issues due to higher speeds. | AK71: -1 | AM71: Both positive and negative impacts. | AN71: 0 | AO71: Both positive and negative impacts. | AP71: 0 | AV71: =H71+J71+L71+N71+P71 -> 0 | AW71: =S71 -> 0 | AX71: =U71+AC71+W71+Y71+AA71 -> 0 | AY71: =AG71+AI71+AK71 -> -2 | AZ71: =AN71+AP71 -> 0 | BA71: =SUM(AV71:AZ71) -> -2 | BC71: Progress | BD71: There is potential to develop better policy for traffic calming and improve on what has been done in Cambridge.
A72: BEST USE OF EXISTING NETWORK CONT… | B72: Network management cont.. | C72: Reopen closed movements at intersections | D72: Reopen Grey and Hall Street intersections with Hamilton Road to divert traffic away from a congested Victoria Street. | E72: =BA72 -> -9 | G72: The relatively small amount of traffic using these routes is unlikely to make a difference to congestion or trip reliability. | H72: 0 | I72: Would require removal of signal pedestrian crossing at Grey street, making walking and cycling to schools a less direct trip | J72: -1 | K72: No impact. The intersections already allow a left turn which provides resilience in an emergency | L72: 0 | M72: Would reduce safety for a major walking and cycling route, bus stops and crossing. Increases risk of crashes for right turns to or from Hamilton Road. | N72: -2 | O72: Additional vehicle traffic on narrow residential streets | P72: -1 | T72: < $1m | U72: =IF(T72=0,,(IF(T72='Scaling system'!$F$3,0,(IF(T72='Scaling system'!$F$4,-1,IF(T72='Scaling system'!$F$5,-2,IF(T72='Scaling system'!$F$6,-3))))))) -> 0 | AB72: Low cost changes that are flexible | AC72: 0 | AF72: Requires relocation of signalised pedestrian crossing for school which could be challenging around bus stops and residential entrances. | AG72: -2 | AH72: Council decision under bylaw to decide turning options at intersections. Some public engagement required. | AI72: -1 | AJ72: Can create new safety issues due to difficult turn movements on an arterial road. | AK72: -1 | AM72: Mostly negative impacts on residents. | AN72: 0 | AO72: Increase in vehicle use/ reliance and poorer levels of service for non-vehicle trips. | AP72: -1 | AV72: =H72+J72+L72+N72+P72 -> -4 | AW72: =S72 -> 0 | AX72: =U72+AC72+W72+Y72+AA72 -> 0 | AY72: =AG72+AI72+AK72 -> -4 | AZ72: =AN72+AP72 -> -1 | BA72: =SUM(AV72:AZ72) -> -9 | BC72: Park | BD72: This option provides little additional traffic capacity, increases crash risk and reduces levels of service on a major walking and cycling route.
C73: Right traffic on the right roads (One Network Framework) | D73: Restrict heavy traffic and through traffic to specific routes that are appropriately constructed and minimise the impact on local streets. | E73: =BA73 -> 4 | G73: Potential to improve trip reliability longer term provided corridors are well constructed | H73: 2 | I73: Removing through traffic and freight can make local streets easier to use for local access | J73: 1 | K73: Dedicated and well-engineered routes will be more resilient | L73: 2 | M73: Dedicated and well-engineered routes will make the system safer | N73: 1 | O73: Dedicated and well-engineered routes will reduce traffic impacts on local streets and residents | P73: 2 | T73: $5-$50m | U73: =IF(T73=0,,(IF(T73='Scaling system'!$F$3,0,(IF(T73='Scaling system'!$F$4,-1,IF(T73='Scaling system'!$F$5,-2,IF(T73='Scaling system'!$F$6,-3))))))) -> -2 | AB73: High investment, limited flexibility | AC73: -2 | AF73: Balancing the needs of different road users with adjacent land use impacts is challenging. | AG73: -1 | AH73: Some residents will benefit, others will receive more traffic on their road. Potentially requires land and consents to implement. | AI73: -2 | AJ73: Safety in Design for new infrastructure. | AK73: 0 | AM73: Mostly positive impacts but some properties negatively impacted by more traffic | AN73: 1 | AO73: More sustainable to construct and manage limited routes for heavy traffic rather than manage wide spread impacts if no controls are in place. | AP73: 2 | AV73: =H73+J73+L73+N73+P73 -> 8 | AW73: =S73 -> 0 | AX73: =U73+AC73+W73+Y73+AA73 -> -4 | AY73: =AG73+AI73+AK73 -> -3 | AZ73: =AN73+AP73 -> 3 | BA73: =SUM(AV73:AZ73) -> 4 | BC73: Progress | BD73: Progress to shortlist consideration.
B74: Parking management | C74: Improve parking policy and management | D74: Develop policy and implement parking management strategy. | E74: =BA74 -> 4 | G74: Efficient parking usage can reduce congestion from traffic circulating in the town centre looking for parking. | H74: 1 | I74: Can improve access to parking outside destinations through tighter time limits / pricing | J74: 1 | K74: No change | L74: 0 | M74: No change | N74: 0 | O74: Manage parking and enable a vibrant town centre | P74: 2 | T74: < $1m | U74: =IF(T74=0,,(IF(T74='Scaling system'!$F$3,0,(IF(T74='Scaling system'!$F$4,-1,IF(T74='Scaling system'!$F$5,-2,IF(T74='Scaling system'!$F$6,-3))))))) -> 0 | AB74: Very flexible to changes to meet future needs by changes to parking limits and charges | AC74: 0 | AF74: Strategy may include new charging or IT infrastructure, requiring largely known technology | AG74: -1 | AH74: No change | AI74: 0 | AJ74: No change | AK74: 0 | AM74: Improved access to key destinations and services for the community | AN74: 1 | AO74: No change to BAU | AP74: 0 | AV74: =H74+J74+L74+N74+P74 -> 4 | AW74: =S74 -> 0 | AX74: =U74+AC74+W74+Y74+AA74 -> 0 | AY74: =AG74+AI74+AK74 -> -1 | AZ74: =AN74+AP74 -> 1 | BA74: =SUM(AV74:AZ74) -> 4 | BC74: Progress | BD74: Progress to shortlist consideration.
C75: Increase parking - CBD | D75: Increase on street parking in streets adjacent to the CBD, increase off street parking, allocate more CBD parking for shoppers and less for employees. | E75: =BA75 -> 0 | G75: Increasing parking supply has potential to increases vehicle use and congestion. Employee parking reduction can reduce congestion. | H75: -1 | I75: Good parking supply in the CBD provides easy access for vehicle drivers. | J75: 2 | K75: No change | L75: 0 | M75: No change | N75: 0 | O75: Manage parking and enable a vibrant town centre, but spreading all day parking to surrounding streets does impact residential areas | P75: 1 | T75: $1-$5m | U75: =IF(T75=0,,(IF(T75='Scaling system'!$F$3,0,(IF(T75='Scaling system'!$F$4,-1,IF(T75='Scaling system'!$F$5,-2,IF(T75='Scaling system'!$F$6,-3))))))) -> -1 | AB75: Flexible if done with signs and lines as opposed to hard infrastructure | AC75: 0 | AF75: Easily available space is currently in use for parking, leaving more challenging rearrangements to streets to achieve more parking. | AG75: -1 | AH75: Public engagement required for significant change | AI75: -1 | AJ75: No change | AK75: 0 | AM75: Improved access to key destinations and services for the community | AN75: 1 | AO75: No change to BAU | AP75: 0 | AV75: =H75+J75+L75+N75+P75 -> 2 | AW75: =S75 -> 0 | AX75: =U75+AC75+W75+Y75+AA75 -> -1 | AY75: =AG75+AI75+AK75 -> -2 | AZ75: =AN75+AP75 -> 1 | BA75: =SUM(AV75:AZ75) -> 0 | BC75: Progress | BD75: Progress to shortlist consideration.
C76: Paid parking | D76: Implement paid parking to manage demand, ensure adequate parking is available and short trips by bus and walking and cycling are incentivized. | E76: =BA76 -> 3 | G76: Efficient parking usage can reduce congestion from traffic circulating in the town centre looking for parking. | H76: 1 | I76: Can improve access to parking outside destinations through tighter time limits / pricing | J76: 1 | K76: No change | L76: 0 | M76: No change | N76: 0 | O76: Manage parking and enable a vibrant town centre | P76: 1 | T76: < $1m | U76: =IF(T76=0,,(IF(T76='Scaling system'!$F$3,0,(IF(T76='Scaling system'!$F$4,-1,IF(T76='Scaling system'!$F$5,-2,IF(T76='Scaling system'!$F$6,-3))))))) -> 0 | AB76: Very flexible to changes to meet future needs by changes to parking limits and charges | AC76: 0 | AF76: Requires evaluation and implementation of suitable technology and enforcement regimes to work efficiently | AG76: -1 | AH76: Public engagement required for significant change | AI76: -1 | AJ76: No change | AK76: 0 | AM76: Improved access to key destinations and services for the community | AN76: 1 | AO76: Incentivising non-vehicle trips improves sustainability. | AP76: 1 | AV76: =H76+J76+L76+N76+P76 -> 3 | AW76: =S76 -> 0 | AX76: =U76+AC76+W76+Y76+AA76 -> 0 | AY76: =AG76+AI76+AK76 -> -2 | AZ76: =AN76+AP76 -> 2 | BA76: =SUM(AV76:AZ76) -> 3 | BC76: Progress | BD76: Progress to shortlist consideration.
C77: Parking information technology | D77: Implement parking technology to show where parking is available but also to improve use compliance. | E77: =BA77 -> 2 | G77: Efficient parking usage can reduce congestion from traffic circulating in the town Centre looking for parking. | H77: 1 | I77: Can improve access to parking outside destinations through tighter time limits / pricing | J77: 1 | K77: No change | L77: 0 | M77: No change | N77: 0 | O77: Manage parking and enable a vibrant town centre | P77: 1 | T77: < $1m | U77: =IF(T77=0,,(IF(T77='Scaling system'!$F$3,0,(IF(T77='Scaling system'!$F$4,-1,IF(T77='Scaling system'!$F$5,-2,IF(T77='Scaling system'!$F$6,-3))))))) -> 0 | AB77: Relatively low cost and adaptable | AC77: 0 | AF77: Requires evaluation and implementation of suitable linked technology. | AG77: -1 | AH77: Nil | AI77: 0 | AJ77: Can improve safety for enforcement staff | AK77: 0 | AM77: No impact | AN77: 0 | AO77: No impact | AP77: 0 | AV77: =H77+J77+L77+N77+P77 -> 3 | AW77: =S77 -> 0 | AX77: =U77+AC77+W77+Y77+AA77 -> 0 | AY77: =AG77+AI77+AK77 -> -1 | AZ77: =AN77+AP77 -> 0 | BA77: =SUM(AV77:AZ77) -> 2 | BC77: Progress | BD77: Progress to shortlist consideration.
B78: Public transport services | C78: Improve school bus services | D78: Increase the use of buses to get children to and from school. | E78: =BA78 -> 4 | G78: High bus use can reduce congestion at school times and at school gates | H78: 1 | I78: Improves access to schools | J78: 1 | K78: No change | L78: 0 | M78: Bus travel typically safer than car travel | N78: 1 | O78: Reduced private vehicle travel, congestion and parking impacts near schools. | P78: 1 | T78: $1-$5m | U78: =IF(T78=0,,(IF(T78='Scaling system'!$F$3,0,(IF(T78='Scaling system'!$F$4,-1,IF(T78='Scaling system'!$F$5,-2,IF(T78='Scaling system'!$F$6,-3))))))) -> -1 | AB78: Relatively low cost and adaptable | AC78: 0 | AF78: Common technical approach available | AG78: 0 | AH78: Requires central government policy change to be effective. E.g. current policy is to reduce school bus services and put costs onto the community. | AI78: -2 | AJ78: No change | AK78: 0 | AM78: Improved access to key destination for the community | AN78: 1 | AO78: Reducing private vehicle trips | AP78: 2 | AV78: =H78+J78+L78+N78+P78 -> 4 | AW78: =S78 -> 0 | AX78: =U78+AC78+W78+Y78+AA78 -> -1 | AY78: =AG78+AI78+AK78 -> -2 | AZ78: =AN78+AP78 -> 3 | BA78: =SUM(AV78:AZ78) -> 4 | BC78: Progress | BD78: Progress to shortlist consideration. While this is strongly influenced by central government policy, it does need to be considered carefully alongside public transport services.
C79: Improved ticketing and timetable information | D79: Adopt contactless payment and digital timetable and bus arrival data service. | E79: =BA79 -> 4 | G79: Supports efficient bus use and people movement | H79: 1 | I79: Alongside improved bus services, makes access easier to key destinations | J79: 1 | K79: No change | L79: 0 | M79: Bus travel typically safer than car travel | N79: 1 | O79: Effective bus services can reduce private vehicle travel and congestion | P79: 1 | T79: < $1m | U79: =IF(T79=0,,(IF(T79='Scaling system'!$F$3,0,(IF(T79='Scaling system'!$F$4,-1,IF(T79='Scaling system'!$F$5,-2,IF(T79='Scaling system'!$F$6,-3))))))) -> 0 | AB79: Being rolled out as a national service | AC79: 0 | AF79: System developed and being rolled out with National e-ticketing strategy | AG79: -1 | AH79: No consenting | AI79: 0 | AJ79: No change | AK79: 0 | AM79: No change | AN79: 0 | AO79: Reducing private vehicle trips | AP79: 1 | AV79: =H79+J79+L79+N79+P79 -> 4 | AW79: =S79 -> 0 | AX79: =U79+AC79+W79+Y79+AA79 -> 0 | AY79: =AG79+AI79+AK79 -> -1 | AZ79: =AN79+AP79 -> 1 | BA79: =SUM(AV79:AZ79) -> 4 | BC79: Progress | BD79: Note this is partially underway with the National e-ticketing roll out. Therefore the only remaining part to progress is improving timetable information. Part of this is available now via smartphone.
C80: Make bus use more accessible and efficient | D80: Improvements to bus routes and frequencies. | E80: =BA80 -> 9 | G80: Supports growth and reduces congestion | H80: 2 | I80: Improves access by non-car modes | J80: 3 | K80: No change | L80: 0 | M80: Improves safety by reducing car VKT exposure to crashes | N80: 1 | O80: Reduces emissions and car VKT around Cambridge | P80: 3 | T80: $5-$50m | U80: =IF(T80=0,,(IF(T80='Scaling system'!$F$3,0,(IF(T80='Scaling system'!$F$4,-1,IF(T80='Scaling system'!$F$5,-2,IF(T80='Scaling system'!$F$6,-3))))))) -> -2 | AB80: Frequencies and routes can change, usually based around contract negotiations every 9 years | AC80: 0 | AF80: Improvements to stops is largely BAU | AG80: -1 | AH80: Improvements to stops is largely BAU | AI80: -1 | AJ80: Improves safety by reducing car VKT exposure to crashes. Safety in Design for stops. | AK80: 0 | AM80: Improved access to key destinations and services for the community | AN80: 2 | AO80: Reduces emissions and car VKT around Cambridge | AP80: 2 | AV80: =H80+J80+L80+N80+P80 -> 9 | AW80: =S80 -> 0 | AX80: =U80+AC80+W80+Y80+AA80 -> -2 | AY80: =AG80+AI80+AK80 -> -2 | AZ80: =AN80+AP80 -> 4 | BA80: =SUM(AV80:AZ80) -> 9 | BC80: Progress | BD80: Progress to shortlist consideration.
A81: BEST USE OF EXISTING NETWORK CONT… | B81: Public transport services cont… | C81: Provide a local bus service within Cambridge | D81: Provide dedicated local bus services that covers a wider area of Cambridge. Smaller buses often suggested as most efficient. | E81: =BA81 -> 9 | G81: Supports growth and reduces congestion | H81: 2 | I81: Improves access by non-car modes | J81: 3 | K81: No change | L81: 0 | M81: Improves safety by reducing car VKT exposure to crashes | N81: 1 | O81: Reduces emissions and car VKT around Cambridge | P81: 3 | T81: $5-$50m | U81: =IF(T81=0,,(IF(T81='Scaling system'!$F$3,0,(IF(T81='Scaling system'!$F$4,-1,IF(T81='Scaling system'!$F$5,-2,IF(T81='Scaling system'!$F$6,-3))))))) -> -2 | AB81: Frequencies and routes can change, usually based around contract negotiations every 9 years | AC81: 0 | AF81: A range of options are available and can be explored to find the most effective for the short- medium and long term | AG81: -1 | AH81: Requires coordination with regional council and NZTA to ensure a service can be sustainably funded | AI81: -1 | AJ81: Improves safety by reducing car VKT exposure to crashes. Safety in Design for stops. | AK81: 0 | AM81: Improved access to key destinations and services for the community | AN81: 2 | AO81: Reduces emissions and car VKT around Cambridge | AP81: 2 | AV81: =H81+J81+L81+N81+P81 -> 9 | AW81: =S81 -> 0 | AX81: =U81+AC81+W81+Y81+AA81 -> -2 | AY81: =AG81+AI81+AK81 -> -2 | AZ81: =AN81+AP81 -> 4 | BA81: =SUM(AV81:AZ81) -> 9 | BC81: Progress | BD81: Note that investigation into options for improved services is underway in 2026 by Waikato Regional Council and options will be presented as part of the public engagement for the transport options.
C82: Provide inter-town and Airport service | D82: Provide a bus service between Cambridge and Te Awamutu and to the Airport. | E82: =BA82 -> 3 | G82: Supports growth and reduces congestion | H82: 1 | I82: Improves access by non-car modes | J82: 1 | K82: No change | L82: 0 | M82: Improves safety by reducing car VKT exposure to crashes | N82: 1 | O82: Reduces emissions and car VKT to these destinations | P82: 1 | T82: $1-$5m | U82: =IF(T82=0,,(IF(T82='Scaling system'!$F$3,0,(IF(T82='Scaling system'!$F$4,-1,IF(T82='Scaling system'!$F$5,-2,IF(T82='Scaling system'!$F$6,-3))))))) -> -1 | AB82: Frequencies and routes can change, usually based around contract negotiations every 9 years | AC82: 0 | AF82: A range of options are available and can be explored to find the most effective for the short- medium and long term | AG82: -1 | AH82: Requires coordination with regional council and NZTA to ensure a service can be sustainably funded | AI82: -1 | AJ82: Improves safety by reducing car VKT exposure to crashes. Safety in Design for stops. | AK82: 0 | AM82: Improved access to key destinations and services for the community | AN82: 1 | AO82: Reduces emissions and car VKT in the district | AP82: 1 | AV82: =H82+J82+L82+N82+P82 -> 4 | AW82: =S82 -> 0 | AX82: =U82+AC82+W82+Y82+AA82 -> -1 | AY82: =AG82+AI82+AK82 -> -2 | AZ82: =AN82+AP82 -> 2 | BA82: =SUM(AV82:AZ82) -> 3 | BC82: Progress | BD82: Note that investigation into options to access the Airport via public transport is underway in 2026 by Waikato Regional Council. A link between Te Awamutu and Cambridge is envisaged as a longer term service improvement in the current bus service improvement plan.
B83: Safety improvements | C83: Provide safe pedestrian crossings | D83: Improve consistency, rationalise number, provide more signalised pedestrian crossings on main roads. | E83: =BA83 -> 4 | G83: Replacing zebra crossings with signals can improve traffic flow when more green time is given to vehicles. | H83: 1 | I83: Improves access by non-car modes | J83: 1 | K83: No change | L83: 0 | M83: Improves safety for pedestrians | N83: 3 | O83: Reduces traffic severance impact | P83: 1 | T83: $1-$5m | U83: =IF(T83=0,,(IF(T83='Scaling system'!$F$3,0,(IF(T83='Scaling system'!$F$4,-1,IF(T83='Scaling system'!$F$5,-2,IF(T83='Scaling system'!$F$6,-3))))))) -> -1 | AB83: Reasonable level of investment in infrastructure, locks in routes | AC83: -1 | AF83: Installation of signals and traffic calming requires careful design to fit around existing infrastructure and property access. | AG83: -1 | AH83: Can impact adjacent parking, and property entries. Consultation required | AI83: -1 | AJ83: Safety in Design for new infrastructure. | AK83: 0 | AM83: Improves general accessibility | AN83: 1 | AO83: Encourages walking and cycling. Reduces emissions and car VKT around Cambridge | AP83: 1 | AV83: =H83+J83+L83+N83+P83 -> 6 | AW83: =S83 -> 0 | AX83: =U83+AC83+W83+Y83+AA83 -> -2 | AY83: =AG83+AI83+AK83 -> -2 | AZ83: =AN83+AP83 -> 2 | BA83: =SUM(AV83:AZ83) -> 4 | BC83: Progress | BD83: Progress to shortlist consideration.
C84: Speed enforcement | D84: Increase speed enforcement on streets used as commuting routes and Pope-Cook Street. | E84: =BA84 -> 1 | G84: No impact | H84: 0 | I84: No impact | J84: 0 | K84: No impact | L84: 0 | M84: Improves safety for all road users | N84: 2 | O84: Controlled speeds reduces traffic noise and resident safety concerns | P84: 1 | T84: < $1m | U84: =IF(T84=0,,(IF(T84='Scaling system'!$F$3,0,(IF(T84='Scaling system'!$F$4,-1,IF(T84='Scaling system'!$F$5,-2,IF(T84='Scaling system'!$F$6,-3))))))) -> 0 | AB84: Speed enforcement can be flexible. | AC84: 0 | AF84: Common technical approach available | AG84: 0 | AH84: Under legislation speed enforcement can only be done by NZTA and NZ Police. Council has limited influence to implement. | AI84: -2 | AJ84: BAU activity | AK84: 0 | AM84: Limited impacts | AN84: 0 | AO84: No impact | AP84: 0 | AV84: =H84+J84+L84+N84+P84 -> 3 | AW84: =S84 -> 0 | AX84: =U84+AC84+W84+Y84+AA84 -> 0 | AY84: =AG84+AI84+AK84 -> -2 | AZ84: =AN84+AP84 -> 0 | BA84: =SUM(AV84:AZ84) -> 1 | BC84: Progress | BD84: Progress to shortlist consideration. While this can only be provided by other agencies, Council has a role to lobby for appropriate levels of enforcement.
C85: Improve street lighting | D85: Improve lighting levels to modern standards on older streets (new growth areas have lighting to modern standards). | E85: =BA85 -> 6 | G85: Minimal impact on main traffic routes | H85: 0 | I85: Improves access by non-car modes | J85: 1 | K85: No change | L85: 0 | M85: Small improvement to non-car user safety | N85: 2 | O85: No change | P85: 0 | T85: $1-$5m | U85: =IF(T85=0,,(IF(T85='Scaling system'!$F$3,0,(IF(T85='Scaling system'!$F$4,-1,IF(T85='Scaling system'!$F$5,-2,IF(T85='Scaling system'!$F$6,-3))))))) -> -1 | AB85: BAU activity | AC85: 3 | AF85: BAU activity | AG85: 0 | AH85: No consenting required | AI85: 0 | AJ85: Safety in Design for new infrastructure. | AK85: 0 | AM85: Improves evening enjoyment of spaces through security | AN85: 2 | AO85: Increased energy use | AP85: -1 | AV85: =H85+J85+L85+N85+P85 -> 3 | AW85: =S85 -> 0 | AX85: =U85+AC85+W85+Y85+AA85 -> 2 | AY85: =AG85+AI85+AK85 -> 0 | AZ85: =AN85+AP85 -> 1 | BA85: =SUM(AV85:AZ85) -> 6 | BC85: Progress | BD85: Progress to shortlist consideration.
C86: Traffic calming / reduce speeds | D86: Continue with speed traffic calming to make streets safer, particularly to Leamington Streets which generally not been addressed to date. | E86: =BA86 -> 4 | G86: Minimal impact on main traffic routes | H86: 0 | I86: Improves access by non-car modes | J86: 2 | K86: No change | L86: 0 | M86: Improves safety for all road users | N86: 2 | O86: Controlled speeds reduces traffic noise and resident safety concerns | P86: 2 | T86: $1-$5m | U86: =IF(T86=0,,(IF(T86='Scaling system'!$F$3,0,(IF(T86='Scaling system'!$F$4,-1,IF(T86='Scaling system'!$F$5,-2,IF(T86='Scaling system'!$F$6,-3))))))) -> -1 | AB86: Reasonable level of investment in infrastructure, locks in change | AC86: -1 | AF86: Requires careful evaluation of options and design to avoid unwanted effects | AG86: -1 | AH86: Public engagement required for significant change | AI86: -1 | AJ86: Safety in Design for new infrastructure. | AK86: 0 | AM86: Improves community enjoyment of public space | AN86: 1 | AO86: Encourages walking and cycling. Reduces vehicle speed / noise impacts | AP86: 1 | AV86: =H86+J86+L86+N86+P86 -> 6 | AW86: =S86 -> 0 | AX86: =U86+AC86+W86+Y86+AA86 -> -2 | AY86: =AG86+AI86+AK86 -> -2 | AZ86: =AN86+AP86 -> 2 | BA86: =SUM(AV86:AZ86) -> 4 | BC86: Progress | BD86: Progress to shortlist consideration.
C87: Safety improvements around schools | D87: Provide safe crossings, walking and cycling paths and control parking around schools to keep children safe. | E87: =BA87 -> 3 | G87: No impact | H87: 0 | I87: Improves access by non-car modes | J87: 2 | K87: No change | L87: 0 | M87: Improves safety for all road users | N87: 2 | O87: Potential to reduce parking and traffic pressures for residents near schools | P87: 1 | T87: $1-$5m | U87: =IF(T87=0,,(IF(T87='Scaling system'!$F$3,0,(IF(T87='Scaling system'!$F$4,-1,IF(T87='Scaling system'!$F$5,-2,IF(T87='Scaling system'!$F$6,-3))))))) -> -1 | AB87: Reasonable level of investment in infrastructure, locks in change | AC87: -1 | AF87: A different approach is required at every school to reflect location and operating needs. | AG87: -1 | AH87: Public engagement required for significant change | AI87: -1 | AJ87: Safety in Design for new infrastructure. | AK87: 0 | AM87: Improves general accessibility | AN87: 1 | AO87: Encourages walking and cycling. | AP87: 1 | AV87: =H87+J87+L87+N87+P87 -> 5 | AW87: =S87 -> 0 | AX87: =U87+AC87+W87+Y87+AA87 -> -2 | AY87: =AG87+AI87+AK87 -> -2 | AZ87: =AN87+AP87 -> 2 | BA87: =SUM(AV87:AZ87) -> 3 | BC87: Progress | BD87: Progress to shortlist consideration.
B88: Walking, cycling and micro-mobility | C88: Improve walking and cycling connections across the river | D88: Support for improving pedestrian and cycle access across both existing bridges, but also support for Victoria bridge becoming walking and cycling only. | E88: =BA88 -> 2 | G88: Additional traffic capacity required to enable change to Victoria bridge use. If separate walking and cycling bridge built beside Victoria Bridge, then existing traffic capacity retained. | H88: 0 | I88: Improves access by non-car modes | J88: 3 | K88: Can only maintain a resilient system if replacement bridge capacity is provided as part of this option. | L88: 0 | M88: Improvement for walking and cycling users. | N88: 2 | O88: Potential to reduce parking and traffic pressures if walking and cycling incentivized. | P88: 1 | T88: $5-$50m | U88: =IF(T88=0,,(IF(T88='Scaling system'!$F$3,0,(IF(T88='Scaling system'!$F$4,-1,IF(T88='Scaling system'!$F$5,-2,IF(T88='Scaling system'!$F$6,-3))))))) -> -2 | AB88: Reasonable level of investment in infrastructure, locks in change | AC88: -1 | AF88: Alteration to bridges can be technically complex | AG88: -2 | AH88: Alteration to Victoria bridge requires historic places consent. Changing traffic access would also be controversial | AI88: -1 | AJ88: Safety in Design for new infrastructure. | AK88: 0 | AM88: Improves community enjoyment of public space | AN88: 1 | AO88: Encourages walking and cycling. Reduces vehicle impacts longer term | AP88: 1 | AV88: =H88+J88+L88+N88+P88 -> 6 | AW88: =S88 -> 0 | AX88: =U88+AC88+W88+Y88+AA88 -> -3 | AY88: =AG88+AI88+AK88 -> -3 | AZ88: =AN88+AP88 -> 2 | BA88: =SUM(AV88:AZ88) -> 2 | BC88: Progress | BD88: Progress to shortlist consideration.
C89: Extend / improve walking and cycling paths and crossings | D89: Completion of the Urban Mobility network of walking and cycling paths across the urban area. | E89: =BA89 -> 10 | G89: Supports growth and reduces congestion | H89: 2 | I89: Improves access by non-car modes | J89: 3 | K89: Reduces dependence on car travel, enables faster recovery via all modes | L89: 1 | M89: Improves safety by separating vulnerable users from cars | N89: 2 | O89: Reduces emissions and car VKT around Cambridge | P89: 3 | T89: $50m+ | U89: =IF(T89=0,,(IF(T89='Scaling system'!$F$3,0,(IF(T89='Scaling system'!$F$4,-1,IF(T89='Scaling system'!$F$5,-2,IF(T89='Scaling system'!$F$6,-3))))))) -> -3 | AB89: Can be implemented piecemeal as political will and available funding coincide | AC89: 2 | AF89: Integration of urban mobility into the transport system is moderately difficult | AG89: -2 | AH89: Land take likely in places to implement network | AI89: -2 | AJ89: Improves safety by separating vulnerable users from cars. Safety in Design for new walking and cycling infrastructure. | AK89: 0 | AM89: Improved access to key destinations and services for the community | AN89: 2 | AO89: Reduces emissions and car VKT around Cambridge | AP89: 2 | AV89: =H89+J89+L89+N89+P89 -> 11 | AW89: =S89 -> 0 | AX89: =U89+AC89+W89+Y89+AA89 -> -1 | AY89: =AG89+AI89+AK89 -> -4 | AZ89: =AN89+AP89 -> 4 | BA89: =SUM(AV89:AZ89) -> 10 | BC89: Progress | BD89: Progress to shortlist consideration.
A90: NEW INFRASTRUCTURE | B90: Corridor improvements | C90: Develop ring road | D90: Using expressway, additional ramps at Cambridge Road and Tirau Road, or new western bridge and Peake Road, create a ring road that keeps through freight and longer commutes out of the town centre. | E90: =BA90 -> -5 | G90: Supports growth and reduces congestion | H90: 2 | I90: May allow some reallocation of existing road space to non-car modes | J90: 1 | K90: Distributes traffic to another bridge improving network resilience | L90: 2 | M90: Shifting some through traffic from town would make a marginal safety improvement | N90: 1 | O90: Reduced heavy vehicle impacts in town | P90: 1 | T90: $50m+ | U90: =IF(T90=0,,(IF(T90='Scaling system'!$F$3,0,(IF(T90='Scaling system'!$F$4,-1,IF(T90='Scaling system'!$F$5,-2,IF(T90='Scaling system'!$F$6,-3))))))) -> -3 | AB90: Very large investment with narrow outcomes, requires full development to realise benefits | AC90: -3 | AF90: Major earthworks and bridge building | AG90: -2 | AH90: Long length of new or upgraded road impacting a number of properties. | AI90: -2 | AJ90: No barrier | AK90: 0 | AM90: Significant new road impacting surrounding properties | AN90: -1 | AO90: Likely to generate some additional travel and emissions | AP90: -1 | AV90: =H90+J90+L90+N90+P90 -> 7 | AW90: =S90 -> 0 | AX90: =U90+AC90+W90+Y90+AA90 -> -6 | AY90: =AG90+AI90+AK90 -> -4 | AZ90: =AN90+AP90 -> -2 | BA90: =SUM(AV90:AZ90) -> -5 | BC90: Progress | BD90: Progress to shortlist consideration *Note: Very large investment but recommendation to retain to carry out scenario modelling to test this idea.
B91: Parking management | C91: Increase parking - CBD parking building | D91: Build a parking building on one of Council public car park land areas and introduce paid parking in the CBD and surrounding streets to meet costs. Parking buildings typically have 300-500 spaces in a single building. | E91: =BA91 -> -9 | G91: Will encourage more private vehicle trips into CBD and increase peak hour congestion unless parking costs discourage short trips. | H91: -1 | I91: Improves access by car but congestion detrimental to all modes unless demand is managed by charges. | J91: 0 | K91: Increases car dependence and congestion | L91: -1 | M91: No change | N91: 0 | O91: Potential to improve CBD if on street parking space reallocated to better uses as a result | P91: 1 | T91: $5-$50m | U91: =IF(T91=0,,(IF(T91='Scaling system'!$F$3,0,(IF(T91='Scaling system'!$F$4,-1,IF(T91='Scaling system'!$F$5,-2,IF(T91='Scaling system'!$F$6,-3))))))) -> -2 | AB91: Very large investment with narrow outcomes, but could be part of a public/ private development with retail and residential development combined | AC91: -2 | AF91: Parking buildings become an option after other steps are taken and exhausted. Major construction in a commercial environment over an extended timeframe. Impacts property access, services. | AG91: -2 | AH91: Reasonably standard requirements, but scale and shadowing in a current low height CBD potentially an issue. | AI91: -1 | AJ91: No barrier | AK91: 0 | AM91: No barrier | AN91: 0 | AO91: Will generate additional travel and effects. | AP91: -1 | AV91: =H91+J91+L91+N91+P91 -> -1 | AW91: =S91 -> 0 | AX91: =U91+AC91+W91+Y91+AA91 -> -4 | AY91: =AG91+AI91+AK91 -> -3 | AZ91: =AN91+AP91 -> -1 | BA91: =SUM(AV91:AZ91) -> -9 | BC91: Park | BD91: Very large investment and operating costs, can induce more travel and congestion. A number of parking measures should be implemented to manage demand before a parking building option may be considered in the long-term.
C92: Park and ride facilities | D92: Provide park and ride facilities at Hautapu and South Leamington with shuttle buses to bring people into the town centre. | E92: =BA92 -> -1 | G92: Enables growth and assists in managing congestion | H92: 1 | I92: Provides convenient park and transfer to destinations which might otherwise be difficult to drive to and park near. | J92: 1 | K92: Potentially reduces traffic on key routes at peak times, increasing resilience. | L92: 1 | M92: Shifting some traffic from town would make a marginal safety improvement | N92: 1 | O92: Reduces emissions and car VKT around Cambridge | P92: 1 | T92: $5-$50m | U92: =IF(T92=0,,(IF(T92='Scaling system'!$F$3,0,(IF(T92='Scaling system'!$F$4,-1,IF(T92='Scaling system'!$F$5,-2,IF(T92='Scaling system'!$F$6,-3))))))) -> -2 | AB92: Large investment in land and infrastructure to provide very long term benefits | AC92: -2 | AF92: Requires careful site selection and design to operate efficiently and safely. | AG92: -1 | AH92: Landuse consenting required to create park and ride facility | AI92: -2 | AJ92: No barrier | AK92: 0 | AM92: Some social and cultural impacts expected depending on location of park and ride | AN92: -1 | AO92: Can form part of a long term sustainable transit system | AP92: 2 | AV92: =H92+J92+L92+N92+P92 -> 5 | AW92: =S92 -> 0 | AX92: =U92+AC92+W92+Y92+AA92 -> -4 | AY92: =AG92+AI92+AK92 -> -3 | AZ92: =AN92+AP92 -> 1 | BA92: =SUM(AV92:AZ92) -> -1 | BC92: Progress | BD92: Could form part of a long term transport and passenger transport plan, but costs and population/ usage would likely rule it out as a short term option.
B93: Public transport services | C93: Reinstate rail line - Cambridge to Hamilton | D93: Relay rail into Cambridge, upgrade line and structures north of Cambridge, construct station for passengers. Construct separate road and pedestrian crossing bridges at high use locations. | E93: =BA93 -> -5 | G93: Rail services can be a highly reliable transport mode. | H93: 3 | I93: Would provide good access to central Hamilton. Has limited connections to destinations in or close to Cambridge. | J93: 1 | K93: Improves passenger transport resilience. | L93: 3 | M93: Rail travel is safe, but introduces rail at road crossings which can be a high crash risk. | N93: 0 | O93: Long term, rail is an effective passenger trasport mode for large populations, but it does have effects of segregating communities unless high quality infrastructure/ bridges pass over or under railways. | P93: -1 | T93: $50m+ | U93: =IF(T93=0,,(IF(T93='Scaling system'!$F$3,0,(IF(T93='Scaling system'!$F$4,-1,IF(T93='Scaling system'!$F$5,-2,IF(T93='Scaling system'!$F$6,-3))))))) -> -3 | AB93: A very large investment perhaps $200M plus and little flexibility to change once established. | AC93: -3 | AF93: Would require a range of infrastructure including structures, signals, road crossings, pedestrian bridges or underpasses. Technically quite challenging | AG93: -3 | AH93: Passenger station, bridges etc. would require consenting | AI93: -2 | AJ93: Safety can be engineered but at high cost. Ideally there would be few if any level crossings where high frequency train services operate. | AK93: -2 | AM93: Significant social impacts for residents living near an operating railway. | AN93: -1 | AO93: Long term it is a very sustainable mass transit system for large populations. | AP93: 3 | AV93: =H93+J93+L93+N93+P93 -> 6 | AW93: =S93 -> 0 | AX93: =U93+AC93+W93+Y93+AA93 -> -6 | AY93: =AG93+AI93+AK93 -> -7 | AZ93: =AN93+AP93 -> 2 | BA93: =SUM(AV93:AZ93) -> -5 | BC93: Park | BD93: Rail transit services typically require 15,000 trips in commuter peak hours to be financially viable. It is not viable in the planning period for this project.
B94: Walking, cycling and micro-mobility | C94: New walking and cycling connections across the river | D94: Ensure any new bridges include provision for walking and cycling, and alternatively create dedicated walking and cycling bridge at Victoria Street or mid west to provide connections and capacity. | E94: =BA94 -> 1 | G94: Enables growth and assists in managing congestion to a small degree, more so if reallocation of space at Victoria bridge improved vehicle capacity | H94: 1 | I94: Provides improved access for walking and cycling | J94: 2 | K94: Potentially reduces traffic on key routes at peak times, increasing resilience. | L94: 1 | M94: Improves safety for walking and cycling | N94: 2 | O94: Potential to reduce parking and traffic pressures if walking and cycling incentivized. | P94: 1 | T94: $5-$50m | U94: =IF(T94=0,,(IF(T94='Scaling system'!$F$3,0,(IF(T94='Scaling system'!$F$4,-1,IF(T94='Scaling system'!$F$5,-2,IF(T94='Scaling system'!$F$6,-3))))))) -> -2 | AB94: Significant investment for one purpose | AC94: -2 | AF94: Whether a standalone bridge or alteration to Victoria Bridge, the scale and location makes this complex | AG94: -2 | AH94: Consenting required to cross river | AI94: -1 | AJ94: Safety in Design for new infrastructure. | AK94: 0 | AM94: Can be a positive impact in terms of community connectivity, but working on river banks in culturally sensitive area. | AN94: 0 | AO94: Encourages walking and cycling. Reduces vehicle impacts longer term | AP94: 1 | AV94: =H94+J94+L94+N94+P94 -> 7 | AW94: =S94 -> 0 | AX94: =U94+AC94+W94+Y94+AA94 -> -4 | AY94: =AG94+AI94+AK94 -> -3 | AZ94: =AN94+AP94 -> 1 | BA94: =SUM(AV94:AZ94) -> 1 | BC94: Progress | BD94: Progress to shortlist consideration.
B95: Bridge crossing | C95: Additional bridge - East | D95: Ring road from south of Leamington skirting east to cross Maungatautari Road and a new bridge over the Waikato linking to Tirau Road. | E95: =BA95 -> -6 | G95: Provides freight bypass from south to east, but no northern link unless combined with additional Tirau/SH1 ramps | H95: 2 | I95: Improved economic connections, frees capacity on existing bridges | J95: 2 | K95: Provides additional bridge over river | L95: 2 | M95: Removes some traffic from streets | N95: 1 | O95: Removes some traffic from streets | P95: 1 | T95: $50m+ | U95: =IF(T95=0,,(IF(T95='Scaling system'!$F$3,0,(IF(T95='Scaling system'!$F$4,-1,IF(T95='Scaling system'!$F$5,-2,IF(T95='Scaling system'!$F$6,-3))))))) -> -3 | AB95: Very large investment with narrow outcomes | AC95: -3 | AF95: Major earthworks and bridge building | AG95: -2 | AH95: Long length of new road impacting many properties and probably the golf course as well. | AI95: -3 | AJ95: No barrier | AK95: 0 | AM95: Provides a freight benefit when included with a ring road. Significant new road impacting large area of Leamington | AN95: -2 | AO95: Freight benefit, but within town trips, bus, walking and cycling not improved | AP95: -1 | AV95: =H95+J95+L95+N95+P95 -> 8 | AW95: =S95 -> 0 | AX95: =U95+AC95+W95+Y95+AA95 -> -6 | AY95: =AG95+AI95+AK95 -> -5 | AZ95: =AN95+AP95 -> -3 | BA95: =SUM(AV95:AZ95) -> -6 | BC95: Progress | BD95: Progress to short list consideration.
A96: NEW INFRASTRUCTURE CONT… | B96: Bridge crossing cont… | C96: Additional bridge - Far west | D96: New bridge west in vicinity of St Peter's school - new road connection Cambridge Rd - Kaipaki Rd area | E96: =BA96 -> -4 | G96: Provides freight bypass from south to west, but no northern link unless combined with additional Cambridge Road/SH1 ramps that face east. | H96: 1 | I96: Improved economic connection to Hautapu | J96: 2 | K96: Provides additional bridge over river | L96: 2 | M96: Removes some traffic from streets | N96: 1 | O96: Removes some traffic from streets, new traffic introduced to rural area if existing zoning retained | P96: 1 | T96: $50m+ | U96: =IF(T96=0,,(IF(T96='Scaling system'!$F$3,0,(IF(T96='Scaling system'!$F$4,-1,IF(T96='Scaling system'!$F$5,-2,IF(T96='Scaling system'!$F$6,-3))))))) -> -3 | AB96: Large investment that benefits a portion of vehicles and freight | AC96: -2 | AF96: Major earthworks and bridge building | AG96: -2 | AH96: Long length of new road impacting a number of properties. | AI96: -2 | AJ96: No barrier | AK96: 0 | AM96: Significant new road impacting surrounding properties. East-west freight through town not addressed | AN96: -1 | AO96: Some freight benefit, but within town trips, bus, walking and cycling not improved | AP96: -1 | AV96: =H96+J96+L96+N96+P96 -> 7 | AW96: =S96 -> 0 | AX96: =U96+AC96+W96+Y96+AA96 -> -5 | AY96: =AG96+AI96+AK96 -> -4 | AZ96: =AN96+AP96 -> -2 | BA96: =SUM(AV96:AZ96) -> -4 | BC96: Progress | BD96: Progress to shortlist consideration.
C97: Additional bridge - Mid-west | D97: New bridge west of town belt on both sides of river - new road connection linking Matos Segedin Drive to Cambridge Road. | E97: =BA97 -> 0 | G97: Provides freight bypass from south to west, but no northern link unless combined with additional Cambridge Road/SH1 ramps that face east. Bridge closer to town removes more demand from existing bridges. | H97: 2 | I97: Connects small industrial area, jobs and some social destinations | J97: 2 | K97: Provides additional bridge over river | L97: 2 | M97: Removes some traffic from streets | N97: 1 | O97: Reduces some existing street traffic but introduces new traffic to new residential area | P97: 0 | T97: $50m+ | U97: =IF(T97=0,,(IF(T97='Scaling system'!$F$3,0,(IF(T97='Scaling system'!$F$4,-1,IF(T97='Scaling system'!$F$5,-2,IF(T97='Scaling system'!$F$6,-3))))))) -> -3 | AB97: Large investment that benefits a portion of vehicles and freight, but also provides additional bus and walking and cycling route | AC97: 1 | AF97: Major earthworks and bridge building into developed areas | AG97: -2 | AH97: New road and bridge impacting developed properties | AI97: -2 | AJ97: No barrier | AK97: 0 | AM97: Significant new road impacting surrounding properties. East-west freight through town not addressed | AN97: -1 | AO97: Increased VKT but benefits for all transport modes | AP97: 0 | AV97: =H97+J97+L97+N97+P97 -> 7 | AW97: =S97 -> 0 | AX97: =U97+AC97+W97+Y97+AA97 -> -2 | AY97: =AG97+AI97+AK97 -> -4 | AZ97: =AN97+AP97 -> -1 | BA97: =SUM(AV97:AZ97) -> 0 | BC97: Progress | BD97: Progress to shortlist consideration.
C98: Additional bridge - In town | D98: New bridge in town. | E98: =BA98 -> 1 | G98: Will provide improved capacity depending on location and scope | H98: 2 | I98: Able to provide improved capacity | J98: 2 | K98: Provides additional bridge over river | L98: 2 | M98: Removes some traffic from streets | N98: 1 | O98: Reduces some existing street traffic but may introduce new traffic to existing residential area | P98: 0 | T98: $50m+ | U98: =IF(T98=0,,(IF(T98='Scaling system'!$F$3,0,(IF(T98='Scaling system'!$F$4,-1,IF(T98='Scaling system'!$F$5,-2,IF(T98='Scaling system'!$F$6,-3))))))) -> -3 | AB98: Provides long term value | AC98: 2 | AF98: Major earthworks and bridge building into developed areas | AG98: -2 | AH98: New road and bridge impacting developed properties | AI98: -2 | AJ98: No barrier | AK98: 0 | AM98: Significant new road impacting surrounding properties | AN98: -1 | AO98: Increased VKT but benefits for all transport modes | AP98: 0 | AV98: =H98+J98+L98+N98+P98 -> 7 | AW98: =S98 -> 0 | AX98: =U98+AC98+W98+Y98+AA98 -> -1 | AY98: =AG98+AI98+AK98 -> -4 | AZ98: =AN98+AP98 -> -1 | BA98: =SUM(AV98:AZ98) -> 1 | BC98: Progress | BD98: Progress to shortlist consideration.
C99: Additional bridge capacity at another location | D99: Additional river crossing capacity - other locations, e.g. Southern Links, duplicate Shakespeare Street. | E99: =BA99 -> 1 | G99: Will provide improved capacity depending on location and scope | H99: 2 | I99: Able to provide improved capacity | J99: 2 | K99: Provides additional bridge over river | L99: 2 | M99: Removes some traffic from streets | N99: 1 | O99: Reduces some existing street traffic but may introduce new traffic to existing residential area | P99: 0 | T99: $50m+ | U99: =IF(T99=0,,(IF(T99='Scaling system'!$F$3,0,(IF(T99='Scaling system'!$F$4,-1,IF(T99='Scaling system'!$F$5,-2,IF(T99='Scaling system'!$F$6,-3))))))) -> -3 | AB99: Provides long term value | AC99: 2 | AF99: Major earthworks and bridge building into developed areas | AG99: -2 | AH99: New road and bridge impacting developed properties | AI99: -2 | AJ99: No barrier | AK99: 0 | AM99: Significant new road impacting surrounding properties | AN99: -1 | AO99: Increased VKT but benefits for all transport modes | AP99: 0 | AV99: =H99+J99+L99+N99+P99 -> 7 | AW99: =S99 -> 0 | AX99: =U99+AC99+W99+Y99+AA99 -> -1 | AY99: =AG99+AI99+AK99 -> -4 | AZ99: =AN99+AP99 -> -1 | BA99: =SUM(AV99:AZ99) -> 1 | BC99: Progress | BD99: Progress to shortlist consideration.
C100: Increase capacity of existing bridges | D100: Upgrades that increase traffic flow including changes to width, configuration, one way systems and improvements to approach roads and intersections (not including bridge duplication). | E100: =BA100 -> 4 | G100: Provides improved capacity in a location where there is clear demand, but does not assist freight well. | H100: 2 | I100: Able to provide improved capacity | J100: 2 | K100: Upgrades could also improve structure resilience, but no new bridge which would spread risk. | L100: 1 | M100: Opportunity for safety improvement at same time | N100: 1 | O100: May contribute to lower VKT and improved micro-mobility | P100: 2 | T100: $50m+ | U100: =IF(T100=0,,(IF(T100='Scaling system'!$F$3,0,(IF(T100='Scaling system'!$F$4,-1,IF(T100='Scaling system'!$F$5,-2,IF(T100='Scaling system'!$F$6,-3))))))) -> -3 | AB100: Provides long term value | AC100: 2 | AF100: Improvement to existing structures in use can be challenging | AG100: -3 | AH100: Victoria bridge heritage status a potential barrier | AI100: -1 | AJ100: No barrier | AK100: 0 | AM100: Minimal impact, unless traffic increased through CBD then becomes negative. Does not address east-west freight movement impacts | AN100: 0 | AO100: Keeps traffic impacts limited to current locations | AP100: 1 | AV100: =H100+J100+L100+N100+P100 -> 8 | AW100: =S100 -> 0 | AX100: =U100+AC100+W100+Y100+AA100 -> -1 | AY100: =AG100+AI100+AK100 -> -4 | AZ100: =AN100+AP100 -> 1 | BA100: =SUM(AV100:AZ100) -> 4 | BC100: Progress | BD100: Progress to shortlist consideration.
B101: Intersection improvements | C101: Full interchange at Tirau Road | D101: Provide north facing on and off ramp as part of a diamond interchange. | E101: =BA101 -> 2 | G101: Provides additional freight and commute capacity from south to north which becomes attractive when the shorter through town route is congested | H101: 2 | I101: Improved economic connections only | J101: 1 | K101: Provides additional full interchange allowing more resilience if a crash or planned closure impacts other connections to expressway | L101: 2 | M101: Removes some traffic from CBD and other streets | N101: 1 | O101: Removes some traffic from CBD and other streets | P101: 1 | T101: $50m+ | U101: =IF(T101=0,,(IF(T101='Scaling system'!$F$3,0,(IF(T101='Scaling system'!$F$4,-1,IF(T101='Scaling system'!$F$5,-2,IF(T101='Scaling system'!$F$6,-3))))))) -> -3 | AB101: Provides long term value | AC101: 2 | AF101: Work beside operating expressway | AG101: -3 | AH101: No significant barrier | AI101: 0 | AJ101: No barrier | AK101: 0 | AM101: Minimal impact | AN101: 0 | AO101: Likely to generate some additional travel and emissions | AP101: -1 | AV101: =H101+J101+L101+N101+P101 -> 7 | AW101: =S101 -> 0 | AX101: =U101+AC101+W101+Y101+AA101 -> -1 | AY101: =AG101+AI101+AK101 -> -3 | AZ101: =AN101+AP101 -> -1 | BA101: =SUM(AV101:AZ101) -> 2 | BC101: Progress | BD101: Progress to shortlist consideration.

Sheet Ideas that are parked
A2: List of ideas parked
A4: Theme | B4: Options | C4: Decision | D4: Rationale
A5: Land use and spatial planning | B5: Stop/restrict growth | C5: Park | D5: Provision for a prescribed level of growth is mandated by central government through the National Policy Statement - Urban Development. Council is therefore unable to stop or restrict growth. However, there are sufficient growth cells provided for Cambridge to grow over the next 30 years, so additional land does not need to be found.
A6: Land use and spatial planning | B6: Protect Cambridge's character, green spaces & amenity | C6: Park | D6: Consideration - Impact on reserves and amenity would be considered as part of Social & Cultural Impacts in the assessment criteria.
A7: Environment | B7: Reduce emissions | C7: Park | D7: Consideration - Emissions reduction would be considered as part of assessing contribution to the Investment Objective of "[reducing] the transport system's impacts on surrounding communities and the environment".
A8: Freight management | B8: Rail freight | C8: Park | D8: Large rail/ road freight hubs exist in Hamilton and it would appear counter-intuitive to duplicate this investment for a smaller centre at very high cost. This is not precluded in the long term, noting this is the responsibility of central government and Kiwirail.
A9: Manage demand | B9: Tolling | C9: Park | D9: Tolling is currently not available for local government so would need a change to legislation. This options could be taken forward if legislative change occurs. It is noted that NZTA business cases for Roads of National Significance suggest that tolls are likely to only cover a small proportion of CAPEX and OPEX costs of new infrastructure.
A10: Walking, cycling and micro-mobility | B10: De-prioritise walking and cycling | C10: Park | D10: It is neither reasonable or safe to prioritise vehicle travel over all other forms of transport
A11: Public transport services | B11: Don't invest in public transport | C11: Park | D11: It is neither reasonable or sustainable to stop public transport services. It is noted that providing public transport services is the responsibility of Waikato Regional Council, not Waipā District Council.
A12: CBD / Town centre | B12: Remove through traffic from CBD | C12: Park | D12: Difficult to consider progressing this option while all emergency services rely heavily on Victoria Street for rapid access. Note that a number of ideas do consider increasing the place-based function of streets through the town centre and these will be considered as transport options are developed.
A13: CBD / Town centre | B13: Upgrade Cambridge CBD | C13: Park | D13: This idea is captured in other options with more specificity.
A14: Intersection improvements | B14: Upgrade roundabouts to traffic signals | C14: Park | D14: This idea is covered by improvements promoted at specific intersections
A15: Network management | B15: Improve road pavements | C15: Park | D15: This idea suggests that Cambridge transport improvements should not take the place of business as usual renewal activities. Renewals are a separate activity that will continue and this idea therefore does not need to be carried forward.
... A20: Public transport services | B20: Reinstate rail line - Cambridge to Hamilton | C20: Park | D20: Rail transit services typically require 15,000 trips in commuter peak hours to be financially viable. It is not viable in the planning period for this project.

Sheet Scaling system
B2: 7 Point scale | D2: Scheduling | F2: Cost | H2: Progress?
B3: -3 | D3: 0-2 Years | F3: < $1m | H3: Progress
B4: -2 | D4: 2-5 Years | F4: $1-$5m | H4: Park
B5: -1 | D5: 5+ Years | F5: $5-$50m | H5: Consideration
B6: 0 | F6: $50m+
B7: 1
B8: 2
B9: 3
